 Dungeon Crawl Stone Soup version 0.29.0-4-gdea44cf6ec (webtiles) character file.

Game seed: 9438261218754606586

18809 qw the Brawler (level 12, 114/114 HPs)
             Began as a Troll Cinder Acolyte on Aug 30, 2022.
             Was an Initiate of Ignis.
             Quit the game on level 2 of the Lair of Beasts.
             The game lasted 00:11:23 (10837 turns).

qw the Brawler (Troll Cinder Acolyte)              Turns: 10837, Time: 00:11:24

Health: 114/114    AC: 13    Str: 32    XL:     12   Next: 31%
Magic:  12/12      EV:  7    Int: 13    God:    Ignis [......]
Gold:   271        SH: 15    Dex: 11    Spells: 13/13 levels left

rFire   + + .      SeeInvis .     - Unarmed
rCold   + . .      Faith    .   v - +0 tower shield
rNeg    . . .      Spirit   .   s - +2 robe {rC+}
rPois   .          Reflect  .   p - +5 hat of Yredelemnul's Hope {+Inv Str+3 Int+3}
rElec   .          Harm     .   d - +1 cloak of the Histrionic God {+Blink}
rCorr   .          Rampage  .   (gloves unavailable)
Will    .....                   (boots unavailable)
Stlth   +.........              n - amulet of regeneration
HPRegen 1.89/turn               u - +6 ring of dexterity
MPRegen 0.13/turn               q - ring of protection from fire

@: no status effects
A: large, unfitting armour, claws 3, regeneration 1, shaggy fur 1, tough skin 1
a: Renounce Religion, Evoke Blink, Evoke Invisibility, Rising Flame


You were on level 2 of the Lair of Beasts.
You worshipped Ignis.
Ignis was noncommittal.
You visited 2 branches of the dungeon, and saw 12 of its levels.
You also visited: Sewer.

You collected 678 gold pieces.
You spent 407 gold pieces at shops.


Innate Abilities, Weirdness & Mutations

You are too large for most types of armour.
You have claws for hands.
Your natural rate of healing is unusually fast.
You are covered in fur. (AC +1)
You have tough skin. (AC +1)


   Skills:
 - Level 6.0 Fighting
 - Level 3.7 Throwing
 - Level 2.0 Armour
 - Level 1.0 Dodging
 + Level 10.2 Shields
 - Level 15.2 Unarmed Combat
 - Level 1.0 Spellcasting
 - Level 2.1 Fire Magic


You had 13 spell levels left.
You didn't know any spells.
Your spell library contained the following spells:

 Spells                   Type           Power      Damage    Failure   Level
 Scorch                   Fire           12%        2d6       56%         2

Inventory:

Missiles
 g - 3 javelins (quivered)
 i - 12 boomerangs
Armour
 d - the +1 cloak of the Histrionic God (worn) {+Blink}
   (You acquired it on level 8 of the Dungeon)

   +Blink:    It lets you blink.
 e - +1 steam dragon scales
 p - the +5 hat of Yredelemnul's Hope (worn) {+Inv Str+3 Int+3}
   (You acquired it on level 6 of the Dungeon)

   Str:       It affects your strength (+3).
   Int:       It affects your intelligence (+3).
   +Inv:      It lets you turn invisible.
 s - a +2 robe of cold resistance (worn)
 v - a +0 tower shield (worn)
Jewellery
 n - an amulet of regeneration (around neck)
 q - a ring of protection from fire (right claw)
 u - a +6 ring of dexterity (left claw)
 w - a +6 ring of dexterity
Scrolls
 h - 3 scrolls of identify
 j - a scroll of enchant armour
 r - a scroll of enchant weapon
Potions
 a - a potion of heal wounds
 c - 3 potions of haste
 k - 2 potions of might
 l - 4 potions of curing
 t - a potion of resistance

Dungeon Overview and Level Annotations

Branches:
Dungeon (10/15)            Temple (0/1) D:6            Lair (2/5) D:10
  Swamp (0/4) Lair:2          Orc (0/2) D:10          Sewer (visited)
  Snake: Lair:2-3    Spider: Lair:2-3

Altars:
Cheibriados
Elyvilon
Fedhas
Nemelex Xobeh
Okawaru
Ru
Uskayaw
Xom
Yredelemnul

Shops:
D:3 *   D:10 =


Message History

10798 ||| Stepping randomly (stuck).
10799 ||| Stepping randomly (stuck).
10800 ||| Stepping randomly (stuck).
10801 ||| Stepping randomly (stuck).
10802 ||| Stepping randomly (stuck).
10803 ||| Stepping randomly (stuck).
10804 ||| Stepping randomly (stuck).
10805 ||| Stepping randomly (stuck).
10806 ||| Stepping randomly (stuck).
10807 ||| Stepping randomly (stuck).
10808 ||| Stepping randomly (stuck).
10809 ||| Stepping randomly (stuck).
10810 ||| Stepping randomly (stuck).
10811 ||| Stepping randomly (stuck).
10812 ||| Stepping randomly (stuck).
10813 ||| Stepping randomly (stuck).
10814 ||| Stepping randomly (stuck).
10815 ||| Stepping randomly (stuck).
10816 ||| Stepping randomly (stuck).
10817 ||| Stepping randomly (stuck).
10818 ||| Stepping randomly (stuck).
10819 ||| Stepping randomly (stuck).
10820 ||| Stepping randomly (stuck).
10821 ||| Stepping randomly (stuck).
10822 ||| Stepping randomly (stuck).
10823 ||| Stepping randomly (stuck).
10824 ||| Stepping randomly (stuck).
10825 ||| Stepping randomly (stuck).
10826 ||| Stepping randomly (stuck).
10827 ||| Stepping randomly (stuck).
10828 ||| Stepping randomly (stuck).
10829 ||| Stepping randomly (stuck).
10830 ||| Stepping randomly (stuck).
10831 ||| Stepping randomly (stuck).
10832 ||| Stepping randomly (stuck).
10833 ||| Stepping randomly (stuck).
10834 ||| Stepping randomly (stuck).
10835 ||| Stepping randomly (stuck).
10836 ||| Stepping randomly (stuck).
Are you sure you want to abandon this character and quit the game? (Confirm with "yes".)

...........................# #.#
...........................# #.#
...........................# #..
...........................# ##..
..........................## #...
...........................###...
.................................
.................................
##..............@................
.#.....##.#.###..P......##'##....
......# ##### #.##......#...#....
.#...> ##................. .+..
#...[............. ... ####
##P........77777.. .#..
P###.#.###.(......77~7¤77. ....
.................#77¤~¤77. ...
...................~¤¤¤¤7.


There were no monsters in sight!

Vanquished Creatures
  A boulder beetle (Lair:2)
  Erica (D:8)
  2 two-headed ogres
  2 death yaks (Lair:2)
  A black mamba (Lair:2)
  Maggie (D:8)
  4 cane toads
  7 torpor snails
  Psyche (D:10)
  A rime drake (Lair:2)
  2 komodo dragons
  A queen bee (D:8)
  A shadow (D:9)
  Sigmund (D:4)
  33 yaks
  A basilisk (Lair:1)
  2 steam dragons (D:6)
  3 wargs (D:10)
  4 swamp worms (Lair:2)
  6 water moccasins
  4 black bears
  A sky beast (D:7)
  An ice beast (D:7)
  An ogre (D:5)
  A centaur (D:9)
  3 kobold brigands
  A gnoll sergeant (D:9)
  6 bullfrogs
  2 necrophages
  A scorpion (D:6)
  6 wights
  10 killer bees (D:8)
  5 howler monkeys
  An electric eel (D:9)
  2 orc priests
  4 hounds
  4 gnoll boudas
  3 iguanas
  6 orc wizards
  17 gnolls
  13 adders
  2 white imps (D:6)
  2 dart slugs
  26 orcs
  7 ball pythons
  5 endoplasms
  4 giant cockroaches
  5 goblins
  3 hobgoblins
  7 jackals (D:1)
  5 quokkas
  7 bats
  5 frilled lizards
  20 kobolds
  7 rats
272 creatures vanquished.

Vanquished Creatures (others)
  2 gnolls
  3 fungi
  24 plants
29 creatures vanquished.

Grand Total: 301 creatures vanquished

Notes
Turn   | Place    | Note
-------+----------+-------------------------------------------
     0 | D:1      | qw the Troll Cinder Acolyte began the quest for the Orb.
     0 | D:1      | Reached XP level 1. HP: 22/22 MP: 1/1
     0 | D:1      | 0 ||| qw: Version: 0.1-a-95-gae9e614
     0 | D:1      | 0 ||| qw: Game counter: 4399
     0 | D:1      | 0 ||| qw: Always use a shield: true
     0 | D:1      | 0 ||| qw: God list: Okawaru
     0 | D:1      | 0 ||| qw: Allow faded altars: false
     0 | D:1      | 0 ||| qw: Do Orc after D:15 true
     0 | D:1      | 0 ||| qw: Do second Lair branch before Depths: true
     0 | D:1      | 0 ||| qw: Lair rune preference: random
     0 | D:1      | 0 ||| qw: Plans: Normal
     0 | D:1      | 0 ||| PLANNING D:1-11
   142 | D:1      | Reached XP level 2. HP: 29/29 MP: 2/2
   301 | D:1      | 301 ||| Stepping ~*~*~tactically~*~*~ (outnumbered).
   302 | D:1      | 302 ||| Stepping ~*~*~tactically~*~*~ (outnumbered).
   303 | D:1      | 303 ||| Stepping ~*~*~tactically~*~*~ (outnumbered).
   531 | D:1      | Reached skill level 4 in Unarmed Combat
   545 | D:1      | 545 ||| Stepping ~*~*~tactically~*~*~ (stealth).
   768 | D:1      | 768 ||| READING scroll labelled QET BAZIOP.
   769 | D:1      | 769 ||| READING scroll labelled UFITIA ETTIAH.
   770 | D:1      | 770 ||| READING scroll labelled XUCITE NAIWNI.
   771 | D:1      | 771 ||| READING scroll labelled PEB USTELAPA.
   772 | D:1      | 772 ||| READING scroll labelled LELATI SAHEAB.
   773 | D:1      | 773 ||| READING scroll labelled DOAR YLUYTS.
   774 | D:1      | 774 ||| READING scroll labelled KOUTEMOSTI.
   907 | D:2      | 907 ||| Stepping ~*~*~tactically~*~*~ (outnumbered).
   908 | D:2      | 908 ||| Stepping ~*~*~tactically~*~*~ (outnumbered).
   909 | D:2      | 909 ||| Stepping ~*~*~tactically~*~*~ (outnumbered).
   910 | D:2      | 910 ||| Stepping ~*~*~tactically~*~*~ (outnumbered).
   916 | D:2      | Reached XP level 3. HP: 36/36 MP: 3/3
  1736 | D:2      | 1736 ||| UPGRADING to ring of positive energy.
  1737 | D:2      | 1737 ||| DRINKING 3 yellow potions.
  1813 | D:3      | Found Lofuorrax's Assorted Antiques.
  1818 | D:3      | 1818 ||| BUYING fuming inky potion (15 gold).
  1818 | D:3      | Bought a fuming inky potion for 15 gold pieces
  1818 | D:3      | 1818 ||| BUYING metallic golden potion (15 gold).
  1818 | D:3      | Bought a metallic golden potion for 15 gold pieces
  1818 | D:3      | 1818 ||| BUYING scroll labelled GIDEDWEMERO (17 gold).
  1818 | D:3      | Bought a scroll labelled GIDEDWEMERO for 17 gold pieces
  1833 | D:3      | Reached skill level 5 in Unarmed Combat
  1833 | D:3      | Reached XP level 4. HP: 44/44 MP: 4/4
  2354 | D:3      | 2354 ||| Stepping ~*~*~tactically~*~*~ (outnumbered).
  2437 | D:3      | Found a faded altar of an unknown god.
  2439 | D:3      | 2439 ||| Stepping ~*~*~tactically~*~*~ (stealth).
  2441 | D:3      | 2441 ||| Stepping ~*~*~tactically~*~*~ (stealth).
  2454 | D:3      | 2454 ||| Stepping ~*~*~tactically~*~*~ (stealth).
  2455 | D:3      | 2455 ||| Stepping ~*~*~tactically~*~*~ (stealth).
  2458 | D:3      | 2458 ||| Stepping ~*~*~tactically~*~*~ (stealth).
  2811 | D:3      | 2811 ||| UPGRADING to amulet of regeneration.
  2816 | D:3      | 2816 ||| UPGRADING to ring of positive energy.
  2817 | D:3      | 2817 ||| READING 4 scrolls labelled GIDEDWEMERO.
  2818 | D:3      | 2818 ||| DRINKING 2 fuming inky potions.
  2819 | D:3      | 2819 ||| READING 3 scrolls of identify.
  2819 | D:3      | 2819 ||| IDENTIFYING inky potion
  2820 | D:3      | 2820 ||| READING 2 scrolls of identify.
  2820 | D:3      | 2820 ||| IDENTIFYING lumpy sapphire potion
  2821 | D:3      | 2821 ||| DROPPING potion of magic.
  2858 | D:4      | Noticed Sigmund
  2866 | D:4      | Killed Sigmund
  2867 | D:4      | Reached skill level 6 in Unarmed Combat
  2867 | D:4      | Reached XP level 5. HP: 46/50 MP: 5/5
  2867 | D:4      | Reached XP level 6. HP: 54/59 MP: 6/6
  2901 | D:4      | 2901 ||| Stepping ~*~*~tactically~*~*~ (hiding).
  3161 | D:4      | Reached skill level 7 in Unarmed Combat
  3163 | D:4      | 3163 ||| FLEEEEING.
  3184 | D:4      | 3184 ||| Stepping ~*~*~tactically~*~*~ (stealth).
  3315 | D:4      | 3315 ||| Stepping ~*~*~tactically~*~*~ (stealth).
  3350 | D:4      | 3350 ||| DRINKING 2 grey potions.
  3351 | D:4      | 3351 ||| DROPPING potion of attraction.
  3371 | D:5      | Entered Level 5 of the Dungeon
  3372 | D:5      | 3372 ||| PLANNING SEWER
  3409 | D:5      | Found a snail-covered altar of Cheibriados.
  3468 | D:5      | You fall into a shaft and drop 1 floor!
  3537 | D:6      | Reached skill level 8 in Unarmed Combat
  3537 | D:6      | Reached XP level 7. HP: 66/66 MP: 7/7
  3553 | D:6      | 3553 ||| Stepping ~*~*~tactically~*~*~ (hiding).
  3671 | D:6      | Noticed a steam dragon
  3678 | D:6      | Killed a steam dragon
  3679 | D:6      | Reached skill level 3 in Fighting
  3735 | D:6      | Found a sacrificial altar of Ru.
  3744 | D:6      | 3744 ||| Stepping ~*~*~tactically~*~*~ (outnumbered).
  3778 | D:6      | 3778 ||| Stepping ~*~*~tactically~*~*~ (hiding).
  3907 | D:6      | 3907 ||| READING scroll labelled EHATSU KYDUZA.
  3907 | D:6      | Identified a scroll of acquirement
  3907 | D:6      | 3907 ||| ACQUIRING +5 hat of Yredelemnul's Hope {+Inv Str+3
                  | Int+3}
  3907 | D:6      | Acquired the +5 hat of Yredelemnul's Hope {+Inv Str+3
                  | Int+3}
  3909 | D:6      | 3909 ||| UPGRADING to +5 hat of Yredelemnul's Hope {+Inv
                  | Str+3 Int+3}.
  3914 | D:6      | 3914 ||| DRINKING 2 amethyst potions.
  3915 | D:6      | 3915 ||| DROPPING potion of degeneration.
  4029 | D:5      | Found a glowing drain.
  4031 | D:5      | 4031 ||| Stepping ~*~*~tactically~*~*~ (stealth).
  4037 | D:5      | 4037 ||| Stepping ~*~*~tactically~*~*~ (stealth).
  4053 | Sewer    | Entered a sewer
  4086 | Sewer    | Reached skill level 9 in Unarmed Combat
  4142 | D:5      | 4142 ||| PLANNING D:1-11
  4152 | D:5      | Reached skill level 1 in Throwing
  4157 | D:5      | 4157 ||| INVOKING Fiery Armour.
  4158 | D:5      | 4158 ||| Stepping ~*~*~tactically~*~*~ (outnumbered).
  4167 | D:5      | Reached skill level 1 in Dodging
  4167 | D:5      | Reached XP level 8. HP: 59/75 MP: 8/8
  4189 | D:5      | Found a white marble altar of Elyvilon.
  4382 | D:5      | 4382 ||| READING 2 scrolls of identify.
  4382 | D:5      | 4382 ||| IDENTIFYING black potion
  4383 | D:5      | 4383 ||| DROPPING potion of ambrosia.
  4474 | D:5      | 4474 ||| READING 6 scrolls of teleportation.
  4475 | D:5      | 4475 ||| STAIRDANCE
  4524 | D:6      | 4524 ||| Stepping ~*~*~tactically~*~*~ (hiding).
  4534 | D:6      | 4534 ||| Stepping ~*~*~tactically~*~*~ (stealth).
  4536 | D:6      | 4536 ||| Stepping ~*~*~tactically~*~*~ (stealth).
  4541 | D:6      | 4541 ||| INVOKING Fiery Armour.
  4558 | D:6      | Found a staircase to the Ecumenical Temple.
  4648 | D:6      | 4648 ||| Stepping ~*~*~tactically~*~*~ (stealth).
  4740 | D:6      | Found a basalt altar of Yredelemnul.
  4809 | D:6      | 4809 ||| UPGRADING to +0 steam dragon scales.
  4819 | D:6      | 4819 ||| DROPPING +0 robe.
  4820 | D:6      | 4820 ||| READING scroll of enchant armour.
  4820 | D:6      | 4820 ||| ENCHANTING +0 steam dragon scales.
  4912 | D:7      | Reached skill level 1 in Armour
  4997 | D:7      | 4997 ||| Stepping ~*~*~tactically~*~*~ (stealth).
  4998 | D:7      | 4998 ||| Stepping ~*~*~tactically~*~*~ (stealth).
  5004 | D:7      | Reached skill level 10 in Unarmed Combat
  5105 | D:7      | 5105 ||| READING 5 scrolls of teleportation.
  5125 | D:7      | Found a shimmering altar of Xom.
  5172 | D:7      | 5172 ||| Stepping ~*~*~tactically~*~*~ (hiding).
  5252 | D:7      | 5252 ||| READING scroll labelled BOUSTRE DOMEOH.
  5253 | D:7      | 5253 ||| READING scroll labelled BULUTS OQOUCIU.
  5279 | D:7      | 5279 ||| READING 4 scrolls of teleportation.
  5510 | D:7      | 5510 ||| INVOKING Fiery Armour.
  5511 | D:7      | 5511 ||| Stepping ~*~*~tactically~*~*~ (outnumbered).
  5515 | D:7      | Reached XP level 9. HP: 85/85 MP: 9/9
  5524 | D:7      | 5524 ||| Stepping ~*~*~tactically~*~*~ (outnumbered).
  5525 | D:7      | 5525 ||| Stepping ~*~*~tactically~*~*~ (outnumbered).
  5848 | D:7      | 5848 ||| UPGRADING to ring of protection from fire.
  5850 | D:7      | 5850 ||| READING scroll labelled VINKYKEZUC.
  5884 | D:8      | 5884 ||| READING scroll of acquirement.
  5884 | D:8      | 5884 ||| ACQUIRING +1 cloak of the Histrionic God {+Blink}
  5884 | D:8      | Acquired the +1 cloak of the Histrionic God {+Blink}
  5886 | D:8      | 5886 ||| UPGRADING to +1 cloak of the Histrionic God
                  | {+Blink}.
  5988 | D:8      | Noticed Erica
  5989 | D:8      | 5989 ||| Stepping ~*~*~tactically~*~*~ (hiding).
  5990 | D:8      | 5990 ||| Stepping ~*~*~tactically~*~*~ (hiding).
  5992 | D:8      | 5992 ||| INVOKING Fiery Armour.
  6002 | D:8      | 6002 ||| DRINKING 5 potions of curing.
  6002 | D:8      | 6002 ||| (to cure confusion)
  6004 | D:8      | Killed Erica
  6005 | D:8      | Reached skill level 11 in Unarmed Combat
  6023 | D:8      | 6023 ||| Stepping ~*~*~tactically~*~*~ (outnumbered).
  6061 | D:8      | Reached skill level 3 in Throwing
  6062 | D:8      | Reached skill level 12 in Unarmed Combat
  6119 | D:8      | Noticed Maggie
  6122 | D:8      | 6122 ||| INVOKING Fiery Armour.
  6127 | D:8      | Killed Maggie
  6139 | D:8      | 6139 ||| Stepping ~*~*~tactically~*~*~ (outnumbered).
  6144 | D:8      | 6144 ||| Stepping ~*~*~tactically~*~*~ (outnumbered).
  6145 | D:8      | 6145 ||| Stepping ~*~*~tactically~*~*~ (outnumbered).
  6146 | D:8      | 6146 ||| Stepping ~*~*~tactically~*~*~ (outnumbered).
  6151 | D:8      | Reached XP level 10. HP: 96/96 MP: 10/10
  6152 | D:8      | 6152 ||| Stepping ~*~*~tactically~*~*~ (outnumbered).
  6153 | D:8      | 6153 ||| Stepping ~*~*~tactically~*~*~ (outnumbered).
  6154 | D:8      | 6154 ||| Stepping ~*~*~tactically~*~*~ (outnumbered).
  6155 | D:8      | 6155 ||| Stepping ~*~*~tactically~*~*~ (outnumbered).
  6156 | D:8      | 6156 ||| Stepping ~*~*~tactically~*~*~ (outnumbered).
  6157 | D:8      | 6157 ||| Stepping ~*~*~tactically~*~*~ (outnumbered).
  6160 | D:8      | Reached skill level 13 in Unarmed Combat
  6241 | D:8      | 6241 ||| Stepping ~*~*~tactically~*~*~ (outnumbered).
  6242 | D:8      | 6242 ||| Stepping ~*~*~tactically~*~*~ (outnumbered).
  6243 | D:8      | 6243 ||| Stepping ~*~*~tactically~*~*~ (outnumbered).
  6244 | D:8      | 6244 ||| Stepping ~*~*~tactically~*~*~ (outnumbered).
  6344 | D:8      | 6344 ||| INVOKING Fiery Armour.
  6345 | D:8      | 6345 ||| Stepping ~*~*~tactically~*~*~ (outnumbered).
  6346 | D:8      | 6346 ||| Stepping ~*~*~tactically~*~*~ (outnumbered).
  6347 | D:8      | 6347 ||| Stepping ~*~*~tactically~*~*~ (outnumbered).
  6348 | D:8      | 6348 ||| Stepping ~*~*~tactically~*~*~ (outnumbered).
  6349 | D:8      | 6349 ||| Stepping ~*~*~tactically~*~*~ (outnumbered).
  6350 | D:8      | 6350 ||| Stepping ~*~*~tactically~*~*~ (outnumbered).
  6351 | D:8      | 6351 ||| Stepping ~*~*~tactically~*~*~ (outnumbered).
  6352 | D:8      | 6352 ||| Stepping ~*~*~tactically~*~*~ (outnumbered).
  6354 | D:8      | 6354 ||| Stepping ~*~*~tactically~*~*~ (outnumbered).
  6355 | D:8      | 6355 ||| Stepping ~*~*~tactically~*~*~ (outnumbered).
  6388 | D:8      | 6388 ||| Stepping ~*~*~tactically~*~*~ (stealth).
  6446 | D:8      | 6446 ||| Stepping ~*~*~tactically~*~*~ (hiding).
  6551 | D:8      | 6551 ||| DRINKING 2 clear potions.
  6593 | D:8      | 6593 ||| DROPPING potion of lignification.
  6662 | D:9      | 6662 ||| Stepping ~*~*~tactically~*~*~ (hiding).
  6667 | D:9      | 6667 ||| Stepping ~*~*~tactically~*~*~ (outnumbered).
  6673 | D:9      | 6673 ||| Stepping ~*~*~tactically~*~*~ (hiding).
  6677 | D:9      | 6677 ||| Stepping ~*~*~tactically~*~*~ (outnumbered).
  6678 | D:9      | 6678 ||| Stepping ~*~*~tactically~*~*~ (outnumbered).
  6776 | D:9      | 6776 ||| Stepping ~*~*~tactically~*~*~ (stealth).
  6790 | D:9      | Reached skill level 14 in Unarmed Combat
  6980 | D:9      | Found a hide-covered altar of Uskayaw.
  7032 | D:9      | Noticed a two-headed ogre
  7036 | D:9      | Killed a two-headed ogre
  7037 | D:9      | Reached skill level 6 in Fighting
  7195 | D:9      | Found a sparkling altar of Nemelex Xobeh.
  7323 | D:9      | 7323 ||| DROPPING amulet of magic regeneration.
  7324 | D:9      | 7324 ||| READING scroll labelled MUSAFO KOCW.
  7325 | D:9      | 7325 ||| READING scroll labelled JUENAGRIKIWN.
  7349 | D:9      | 7349 ||| DRINKING 2 green potions.
  7350 | D:9      | 7350 ||| DRINKING 2 coppery potions.
  7351 | D:9      | 7351 ||| READING 2 scrolls of identify.
  7351 | D:9      | 7351 ||| IDENTIFYING metallic golden potion
  7352 | D:9      | 7352 ||| DROPPING potion of brilliance.
  7390 | D:10     | Entered Level 10 of the Dungeon
  7413 | D:10     | Found a staircase to the Orcish Mines.
  7482 | D:10     | Found a staircase to the Lair.
  7543 | D:10     | Found an iron altar of Okawaru.
  7594 | D:10     | Noticed Psyche
  7595 | D:10     | 7595 ||| Stepping ~*~*~tactically~*~*~ (hiding).
  7597 | D:10     | 7597 ||| Stepping ~*~*~tactically~*~*~ (hiding).
  7598 | D:10     | 7598 ||| Stepping ~*~*~tactically~*~*~ (hiding).
  7599 | D:10     | 7599 ||| Stepping ~*~*~tactically~*~*~ (hiding).
  7600 | D:10     | 7600 ||| Stepping ~*~*~tactically~*~*~ (hiding).
  7610 | D:10     | 7610 ||| Stepping ~*~*~tactically~*~*~ (stealth).
  7616 | D:10     | Killed Psyche
  7773 | D:10     | Noticed a two-headed ogre
  7778 | D:10     | 7778 ||| INVOKING Fiery Armour.
  7779 | D:10     | Killed a two-headed ogre
  7780 | D:10     | Reached XP level 11. HP: 50/105 MP: 11/11
  7863 | D:10     | Reached skill level 15 in Unarmed Combat
  7898 | D:10     | 7898 ||| Stepping ~*~*~tactically~*~*~ (stealth).
  8006 | D:10     | Found Sujol's Jewellery Shop.
  8015 | D:10     | 8015 ||| SHOPLISTING +4 ring of slaying (780 gold, have
                  | 544).
  8015 | D:10     | 8015 ||| BUYING +6 ring of dexterity (360 gold).
  8015 | D:10     | Bought a +6 ring of dexterity for 360 gold pieces
  8015 | D:10     | 8015 ||| SHOPLISTING ring of fire (250 gold, have 184).
  8015 | D:10     | 8015 ||| SHOPLISTING ring of ice (250 gold, have 184).
  8074 | D:10     | 8074 ||| Stepping ~*~*~tactically~*~*~ (stealth).
  8076 | D:10     | 8076 ||| INVOKING Fiery Armour.
  8079 | D:10     | 8079 ||| Stepping ~*~*~tactically~*~*~ (outnumbered).
  8080 | D:10     | 8080 ||| Stepping ~*~*~tactically~*~*~ (outnumbered).
  8081 | D:10     | 8081 ||| Stepping ~*~*~tactically~*~*~ (outnumbered).
  8082 | D:10     | 8082 ||| Stepping ~*~*~tactically~*~*~ (outnumbered).
  8083 | D:10     | 8083 ||| Stepping ~*~*~tactically~*~*~ (outnumbered).
  8084 | D:10     | 8084 ||| Stepping ~*~*~tactically~*~*~ (outnumbered).
  8085 | D:10     | 8085 ||| Stepping ~*~*~tactically~*~*~ (outnumbered).
  8086 | D:10     | 8086 ||| STAIRDANCE
  8099 | D:9      | 8099 ||| UPGRADING to +2 robe of cold resistance.
  8109 | D:9      | 8109 ||| UPGRADING to +0 tower shield.
  8114 | D:9      | 8114 ||| DROPPING amulet of guardian spirit.
  8115 | D:9      | 8115 ||| DROPPING ring of positive energy.
  8116 | D:9      | 8116 ||| UPGRADING to +6 ring of dexterity.
  8118 | D:9      | 8118 ||| DROPPING ring of positive energy.
  8119 | D:9      | 8119 ||| DRINKING 3 cyan potions.
  8120 | D:9      | 8120 ||| DROPPING 2 potions of flight.
  8123 | D:10     | 8123 ||| STAIRDANCE
  8127 | D:9      | Reached skill level 1 in Shields
  8196 | D:10     | Found a blossoming altar of Fedhas.
  8289 | D:10     | 8289 ||| PLANNING LAIR
  8327 | Lair:1   | Entered Level 1 of the Lair of Beasts
  8370 | Lair:1   | 8370 ||| Stepping ~*~*~tactically~*~*~ (stealth).
  8376 | Lair:1   | Reached skill level 3 in Shields
  8385 | Lair:1   | 8385 ||| INVOKING Fiery Armour.
  8392 | Lair:1   | HP: 25/105 [torpor snail (13)]
  8393 | Lair:1   | 8393 ||| READING 7 scrolls of teleportation.
  8394 | Lair:1   | 8394 ||| DRINKING potion of heal wounds.
  8505 | Lair:1   | 8505 ||| Stepping ~*~*~tactically~*~*~ (stealth).
  8556 | Lair:1   | 8556 ||| INVOKING Fiery Armour.
  8609 | Lair:1   | Reached skill level 6 in Shields
  8819 | Lair:1   | 8819 ||| Stepping ~*~*~tactically~*~*~ (stealth).
  8821 | Lair:1   | 8821 ||| Stepping ~*~*~tactically~*~*~ (stealth).
  8826 | Lair:1   | 8826 ||| Stepping ~*~*~tactically~*~*~ (outnumbered).
  8829 | Lair:1   | 8829 ||| Stepping ~*~*~tactically~*~*~ (outnumbered).
  8830 | Lair:1   | 8830 ||| Stepping ~*~*~tactically~*~*~ (outnumbered).
  8831 | Lair:1   | 8831 ||| Stepping ~*~*~tactically~*~*~ (outnumbered).
  8832 | Lair:1   | 8832 ||| Stepping ~*~*~tactically~*~*~ (outnumbered).
  8833 | Lair:1   | 8833 ||| Stepping ~*~*~tactically~*~*~ (outnumbered).
  8834 | Lair:1   | 8834 ||| Stepping ~*~*~tactically~*~*~ (outnumbered).
  8835 | Lair:1   | 8835 ||| Stepping ~*~*~tactically~*~*~ (outnumbered).
  8836 | Lair:1   | 8836 ||| Stepping ~*~*~tactically~*~*~ (outnumbered).
  8837 | Lair:1   | 8837 ||| Stepping ~*~*~tactically~*~*~ (outnumbered).
  8838 | Lair:1   | 8838 ||| Stepping ~*~*~tactically~*~*~ (outnumbered).
  8839 | Lair:1   | 8839 ||| Stepping ~*~*~tactically~*~*~ (outnumbered).
  8840 | Lair:1   | 8840 ||| Stepping ~*~*~tactically~*~*~ (outnumbered).
  8843 | Lair:1   | 8843 ||| Stepping ~*~*~tactically~*~*~ (outnumbered).
  8844 | Lair:1   | 8844 ||| Stepping ~*~*~tactically~*~*~ (outnumbered).
  8845 | Lair:1   | 8845 ||| Stepping ~*~*~tactically~*~*~ (outnumbered).
  8967 | Lair:1   | Found a snail-covered altar of Cheibriados.
  8968 | Lair:1   | 8968 ||| INVOKING Fiery Armour.
  8972 | Lair:1   | 8972 ||| Stepping ~*~*~tactically~*~*~ (outnumbered).
  9382 | Lair:1   | 9382 ||| READING scroll labelled QAYKIDODODD.
  9543 | Lair:2   | 9543 ||| Stepping ~*~*~tactically~*~*~ (outnumbered).
  9547 | Lair:2   | 9547 ||| Stepping ~*~*~tactically~*~*~ (outnumbered).
  9548 | Lair:2   | 9548 ||| Stepping ~*~*~tactically~*~*~ (outnumbered).
  9550 | Lair:2   | 9550 ||| Stepping ~*~*~tactically~*~*~ (outnumbered).
  9551 | Lair:2   | 9551 ||| Stepping ~*~*~tactically~*~*~ (outnumbered).
  9552 | Lair:2   | 9552 ||| Stepping ~*~*~tactically~*~*~ (outnumbered).
  9554 | Lair:2   | 9554 ||| Stepping ~*~*~tactically~*~*~ (outnumbered).
  9556 | Lair:2   | 9556 ||| Stepping ~*~*~tactically~*~*~ (outnumbered).
  9559 | Lair:2   | Reached XP level 12. HP: 114/114 MP: 12/12
  9560 | Lair:2   | 9560 ||| Stepping ~*~*~tactically~*~*~ (outnumbered).
  9618 | Lair:2   | Noticed a boulder beetle
  9619 | Lair:2   | 9619 ||| INVOKING Fiery Armour.
  9627 | Lair:2   | Killed a boulder beetle
  9628 | Lair:2   | Reached skill level 9 in Shields
  9682 | Lair:2   | Noticed a death yak
  9683 | Lair:2   | Noticed a death yak
  9684 | Lair:2   | 9684 ||| Stepping ~*~*~tactically~*~*~ (stealth).
  9686 | Lair:2   | 9686 ||| Stepping ~*~*~tactically~*~*~ (stealth).
  9689 | Lair:2   | 9689 ||| Stepping ~*~*~tactically~*~*~ (stealth).
  9697 | Lair:2   | Killed a death yak
  9703 | Lair:2   | Killed a death yak
  9709 | Lair:2   | 9709 ||| INVOKING Fiery Armour.
  9804 | Lair:2   | Found a staircase to the Swamp.
  9805 | Lair:2   | 9805 ||| PLANNING CONVERSION TO OKAWARU
  9805 | Lair:2   | 9805 ||| READING 4 scrolls of identify.
  9805 | Lair:2   | 9805 ||| IDENTIFYING fizzy puce potion
  9806 | Lair:2   | 9806 ||| DROPPING potion of berserk rage.
  9807 | Lair:2   | 9807 ||| READING 6 scrolls of teleportation.
  9812 | Lair:2   | 9812 ||| READING 5 scrolls of teleportation.
  9816 | Lair:2   | 9816 ||| READING 4 scrolls of teleportation.
  9825 | Lair:2   | 9825 ||| READING 3 scrolls of teleportation.
  9828 | Lair:2   | 9828 ||| READING 2 scrolls of teleportation.
  9832 | Lair:2   | 9832 ||| READING scroll of teleportation.
  9837 | Lair:2   | 9837 ||| Stepping randomly (stuck).
  9838 | Lair:2   | 9838 ||| Stepping randomly (stuck).
  9839 | Lair:2   | 9839 ||| Stepping randomly (stuck).
  9840 | Lair:2   | 9840 ||| Stepping randomly (stuck).
  9841 | Lair:2   | 9841 ||| Stepping randomly (stuck).
  9842 | Lair:2   | 9842 ||| Stepping randomly (stuck).
  9843 | Lair:2   | 9843 ||| Stepping randomly (stuck).
  9844 | Lair:2   | 9844 ||| Stepping randomly (stuck).
  9845 | Lair:2   | 9845 ||| Stepping randomly (stuck).
  9846 | Lair:2   | 9846 ||| Stepping randomly (stuck).
  9847 | Lair:2   | 9847 ||| Stepping randomly (stuck).
  9848 | Lair:2   | 9848 ||| Stepping randomly (stuck).
  9849 | Lair:2   | 9849 ||| Stepping randomly (stuck).
  9850 | Lair:2   | 9850 ||| Stepping randomly (stuck).
  9851 | Lair:2   | 9851 ||| Stepping randomly (stuck).
  9852 | Lair:2   | 9852 ||| Stepping randomly (stuck).
  9853 | Lair:2   | 9853 ||| Stepping randomly (stuck).
  9854 | Lair:2   | 9854 ||| Stepping randomly (stuck).
  9855 | Lair:2   | 9855 ||| Stepping randomly (stuck).
  9856 | Lair:2   | 9856 ||| Stepping randomly (stuck).
  9857 | Lair:2   | 9857 ||| Stepping randomly (stuck).
  9858 | Lair:2   | 9858 ||| Stepping randomly (stuck).
  9859 | Lair:2   | 9859 ||| Stepping randomly (stuck).
  9860 | Lair:2   | 9860 ||| Stepping randomly (stuck).
  9861 | Lair:2   | 9861 ||| Stepping randomly (stuck).
  9862 | Lair:2   | 9862 ||| Stepping randomly (stuck).
  9863 | Lair:2   | 9863 ||| Stepping randomly (stuck).
  9864 | Lair:2   | 9864 ||| Stepping randomly (stuck).
  9865 | Lair:2   | 9865 ||| Stepping randomly (stuck).
  9866 | Lair:2   | 9866 ||| Stepping randomly (stuck).
  9867 | Lair:2   | 9867 ||| Stepping randomly (stuck).
  9868 | Lair:2   | 9868 ||| Stepping randomly (stuck).
  9869 | Lair:2   | 9869 ||| Stepping randomly (stuck).
  9870 | Lair:2   | 9870 ||| Stepping randomly (stuck).
  9871 | Lair:2   | 9871 ||| Stepping randomly (stuck).
  9872 | Lair:2   | 9872 ||| Stepping randomly (stuck).
  9873 | Lair:2   | 9873 ||| Stepping randomly (stuck).
  9874 | Lair:2   | 9874 ||| Stepping randomly (stuck).
  9875 | Lair:2   | 9875 ||| Stepping randomly (stuck).
  9876 | Lair:2   | 9876 ||| Stepping randomly (stuck).
  9877 | Lair:2   | 9877 ||| Stepping randomly (stuck).
  9878 | Lair:2   | 9878 ||| Stepping randomly (stuck).
  9879 | Lair:2   | 9879 ||| Stepping randomly (stuck).
  9880 | Lair:2   | 9880 ||| Stepping randomly (stuck).
  9881 | Lair:2   | 9881 ||| Stepping randomly (stuck).
  9882 | Lair:2   | 9882 ||| Stepping randomly (stuck).
  9883 | Lair:2   | 9883 ||| Stepping randomly (stuck).
  9884 | Lair:2   | 9884 ||| Stepping randomly (stuck).
  9885 | Lair:2   | 9885 ||| Stepping randomly (stuck).
  9886 | Lair:2   | 9886 ||| Stepping randomly (stuck).
  9887 | Lair:2   | 9887 ||| Stepping randomly (stuck).
  9888 | Lair:2   | 9888 ||| Stepping randomly (stuck).
  9889 | Lair:2   | 9889 ||| Stepping randomly (stuck).
  9890 | Lair:2   | 9890 ||| Stepping randomly (stuck).
  9891 | Lair:2   | 9891 ||| Stepping randomly (stuck).
  9892 | Lair:2   | 9892 ||| Stepping randomly (stuck).
  9893 | Lair:2   | 9893 ||| Stepping randomly (stuck).
  9894 | Lair:2   | 9894 ||| Stepping randomly (stuck).
  9895 | Lair:2   | 9895 ||| Stepping randomly (stuck).
  9896 | Lair:2   | 9896 ||| Stepping randomly (stuck).
  9897 | Lair:2   | 9897 ||| Stepping randomly (stuck).
  9898 | Lair:2   | 9898 ||| Stepping randomly (stuck).
  9899 | Lair:2   | 9899 ||| Stepping randomly (stuck).
  9900 | Lair:2   | 9900 ||| Stepping randomly (stuck).
  9901 | Lair:2   | 9901 ||| Stepping randomly (stuck).
  9902 | Lair:2   | 9902 ||| Stepping randomly (stuck).
  9903 | Lair:2   | 9903 ||| Stepping randomly (stuck).
  9904 | Lair:2   | 9904 ||| Stepping randomly (stuck).
  9905 | Lair:2   | 9905 ||| Stepping randomly (stuck).
  9906 | Lair:2   | 9906 ||| Stepping randomly (stuck).
  9907 | Lair:2   | 9907 ||| Stepping randomly (stuck).
  9908 | Lair:2   | 9908 ||| Stepping randomly (stuck).
  9909 | Lair:2   | 9909 ||| Stepping randomly (stuck).
  9910 | Lair:2   | 9910 ||| Stepping randomly (stuck).
  9911 | Lair:2   | 9911 ||| Stepping randomly (stuck).
  9912 | Lair:2   | 9912 ||| Stepping randomly (stuck).
  9913 | Lair:2   | 9913 ||| Stepping randomly (stuck).
  9914 | Lair:2   | 9914 ||| Stepping randomly (stuck).
  9915 | Lair:2   | 9915 ||| Stepping randomly (stuck).
  9916 | Lair:2   | 9916 ||| Stepping randomly (stuck).
  9917 | Lair:2   | 9917 ||| Stepping randomly (stuck).
  9918 | Lair:2   | 9918 ||| Stepping randomly (stuck).
  9919 | Lair:2   | 9919 ||| Stepping randomly (stuck).
  9920 | Lair:2   | 9920 ||| Stepping randomly (stuck).
  9921 | Lair:2   | 9921 ||| Stepping randomly (stuck).
  9922 | Lair:2   | 9922 ||| Stepping randomly (stuck).
  9923 | Lair:2   | 9923 ||| Stepping randomly (stuck).
  9924 | Lair:2   | 9924 ||| Stepping randomly (stuck).
  9925 | Lair:2   | 9925 ||| Stepping randomly (stuck).
  9926 | Lair:2   | 9926 ||| Stepping randomly (stuck).
  9927 | Lair:2   | 9927 ||| Stepping randomly (stuck).
  9928 | Lair:2   | 9928 ||| Stepping randomly (stuck).
  9929 | Lair:2   | 9929 ||| Stepping randomly (stuck).
  9930 | Lair:2   | 9930 ||| Stepping randomly (stuck).
  9931 | Lair:2   | 9931 ||| Stepping randomly (stuck).
  9932 | Lair:2   | 9932 ||| Stepping randomly (stuck).
  9933 | Lair:2   | 9933 ||| Stepping randomly (stuck).
  9934 | Lair:2   | 9934 ||| Stepping randomly (stuck).
  9935 | Lair:2   | 9935 ||| Stepping randomly (stuck).
  9936 | Lair:2   | 9936 ||| Stepping randomly (stuck).
  9937 | Lair:2   | 9937 ||| Stepping randomly (stuck).
  9938 | Lair:2   | 9938 ||| Stepping randomly (stuck).
  9939 | Lair:2   | 9939 ||| Stepping randomly (stuck).
  9940 | Lair:2   | 9940 ||| Stepping randomly (stuck).
  9941 | Lair:2   | 9941 ||| Stepping randomly (stuck).
  9942 | Lair:2   | 9942 ||| Stepping randomly (stuck).
  9943 | Lair:2   | 9943 ||| Stepping randomly (stuck).
  9944 | Lair:2   | 9944 ||| Stepping randomly (stuck).
  9945 | Lair:2   | 9945 ||| Stepping randomly (stuck).
  9946 | Lair:2   | 9946 ||| Stepping randomly (stuck).
  9947 | Lair:2   | 9947 ||| Stepping randomly (stuck).
  9948 | Lair:2   | 9948 ||| Stepping randomly (stuck).
  9949 | Lair:2   | 9949 ||| Stepping randomly (stuck).
  9950 | Lair:2   | 9950 ||| Stepping randomly (stuck).
  9951 | Lair:2   | 9951 ||| Stepping randomly (stuck).
  9952 | Lair:2   | 9952 ||| Stepping randomly (stuck).
  9953 | Lair:2   | 9953 ||| Stepping randomly (stuck).
  9954 | Lair:2   | 9954 ||| Stepping randomly (stuck).
  9955 | Lair:2   | 9955 ||| Stepping randomly (stuck).
  9956 | Lair:2   | 9956 ||| Stepping randomly (stuck).
  9957 | Lair:2   | 9957 ||| Stepping randomly (stuck).
  9958 | Lair:2   | 9958 ||| Stepping randomly (stuck).
  9959 | Lair:2   | 9959 ||| Stepping randomly (stuck).
  9960 | Lair:2   | 9960 ||| Stepping randomly (stuck).
  9961 | Lair:2   | 9961 ||| Stepping randomly (stuck).
  9962 | Lair:2   | 9962 ||| Stepping randomly (stuck).
  9963 | Lair:2   | 9963 ||| Stepping randomly (stuck).
  9964 | Lair:2   | 9964 ||| Stepping randomly (stuck).
  9965 | Lair:2   | 9965 ||| Stepping randomly (stuck).
  9966 | Lair:2   | 9966 ||| Stepping randomly (stuck).
  9967 | Lair:2   | 9967 ||| Stepping randomly (stuck).
  9968 | Lair:2   | 9968 ||| Stepping randomly (stuck).
  9969 | Lair:2   | 9969 ||| Stepping randomly (stuck).
  9970 | Lair:2   | 9970 ||| Stepping randomly (stuck).
  9971 | Lair:2   | 9971 ||| Stepping randomly (stuck).
  9972 | Lair:2   | 9972 ||| Stepping randomly (stuck).
  9973 | Lair:2   | 9973 ||| Stepping randomly (stuck).
  9974 | Lair:2   | 9974 ||| Stepping randomly (stuck).
  9975 | Lair:2   | 9975 ||| Stepping randomly (stuck).
  9976 | Lair:2   | 9976 ||| Stepping randomly (stuck).
  9977 | Lair:2   | 9977 ||| Stepping randomly (stuck).
  9978 | Lair:2   | 9978 ||| Stepping randomly (stuck).
  9979 | Lair:2   | 9979 ||| Stepping randomly (stuck).
  9980 | Lair:2   | 9980 ||| Stepping randomly (stuck).
  9981 | Lair:2   | 9981 ||| Stepping randomly (stuck).
  9982 | Lair:2   | 9982 ||| Stepping randomly (stuck).
  9983 | Lair:2   | 9983 ||| Stepping randomly (stuck).
  9984 | Lair:2   | 9984 ||| Stepping randomly (stuck).
  9985 | Lair:2   | 9985 ||| Stepping randomly (stuck).
  9986 | Lair:2   | 9986 ||| Stepping randomly (stuck).
  9987 | Lair:2   | 9987 ||| Stepping randomly (stuck).
  9988 | Lair:2   | 9988 ||| Stepping randomly (stuck).
  9989 | Lair:2   | 9989 ||| Stepping randomly (stuck).
  9990 | Lair:2   | 9990 ||| Stepping randomly (stuck).
  9991 | Lair:2   | 9991 ||| Stepping randomly (stuck).
  9992 | Lair:2   | 9992 ||| Stepping randomly (stuck).
  9993 | Lair:2   | 9993 ||| Stepping randomly (stuck).
  9994 | Lair:2   | 9994 ||| Stepping randomly (stuck).
  9995 | Lair:2   | 9995 ||| Stepping randomly (stuck).
  9996 | Lair:2   | 9996 ||| Stepping randomly (stuck).
  9997 | Lair:2   | 9997 ||| Stepping randomly (stuck).
  9998 | Lair:2   | 9998 ||| Stepping randomly (stuck).
  9999 | Lair:2   | 9999 ||| Stepping randomly (stuck).
 10000 | Lair:2   | 10000 ||| Stepping randomly (stuck).
 10001 | Lair:2   | 10001 ||| Stepping randomly (stuck).
 10002 | Lair:2   | 10002 ||| Stepping randomly (stuck).
 10003 | Lair:2   | 10003 ||| Stepping randomly (stuck).
 10004 | Lair:2   | 10004 ||| Stepping randomly (stuck).
 10005 | Lair:2   | 10005 ||| Stepping randomly (stuck).
 10006 | Lair:2   | 10006 ||| Stepping randomly (stuck).
 10007 | Lair:2   | 10007 ||| Stepping randomly (stuck).
 10008 | Lair:2   | 10008 ||| Stepping randomly (stuck).
 10009 | Lair:2   | 10009 ||| Stepping randomly (stuck).
 10010 | Lair:2   | 10010 ||| Stepping randomly (stuck).
 10011 | Lair:2   | 10011 ||| Stepping randomly (stuck).
 10012 | Lair:2   | 10012 ||| Stepping randomly (stuck).
 10013 | Lair:2   | 10013 ||| Stepping randomly (stuck).
 10014 | Lair:2   | 10014 ||| Stepping randomly (stuck).
 10015 | Lair:2   | 10015 ||| Stepping randomly (stuck).
 10016 | Lair:2   | 10016 ||| Stepping randomly (stuck).
 10017 | Lair:2   | 10017 ||| Stepping randomly (stuck).
 10018 | Lair:2   | 10018 ||| Stepping randomly (stuck).
 10019 | Lair:2   | 10019 ||| Stepping randomly (stuck).
 10020 | Lair:2   | 10020 ||| Stepping randomly (stuck).
 10021 | Lair:2   | 10021 ||| Stepping randomly (stuck).
 10022 | Lair:2   | 10022 ||| Stepping randomly (stuck).
 10023 | Lair:2   | 10023 ||| Stepping randomly (stuck).
 10024 | Lair:2   | 10024 ||| Stepping randomly (stuck).
 10025 | Lair:2   | 10025 ||| Stepping randomly (stuck).
 10026 | Lair:2   | 10026 ||| Stepping randomly (stuck).
 10027 | Lair:2   | 10027 ||| Stepping randomly (stuck).
 10028 | Lair:2   | 10028 ||| Stepping randomly (stuck).
 10029 | Lair:2   | 10029 ||| Stepping randomly (stuck).
 10030 | Lair:2   | 10030 ||| Stepping randomly (stuck).
 10031 | Lair:2   | 10031 ||| Stepping randomly (stuck).
 10032 | Lair:2   | 10032 ||| Stepping randomly (stuck).
 10033 | Lair:2   | 10033 ||| Stepping randomly (stuck).
 10034 | Lair:2   | 10034 ||| Stepping randomly (stuck).
 10035 | Lair:2   | 10035 ||| Stepping randomly (stuck).
 10036 | Lair:2   | 10036 ||| Stepping randomly (stuck).
 10037 | Lair:2   | 10037 ||| Stepping randomly (stuck).
 10038 | Lair:2   | 10038 ||| Stepping randomly (stuck).
 10039 | Lair:2   | 10039 ||| Stepping randomly (stuck).
 10040 | Lair:2   | 10040 ||| Stepping randomly (stuck).
 10041 | Lair:2   | 10041 ||| Stepping randomly (stuck).
 10042 | Lair:2   | 10042 ||| Stepping randomly (stuck).
 10043 | Lair:2   | 10043 ||| Stepping randomly (stuck).
 10044 | Lair:2   | 10044 ||| Stepping randomly (stuck).
 10045 | Lair:2   | 10045 ||| Stepping randomly (stuck).
 10046 | Lair:2   | 10046 ||| Stepping randomly (stuck).
 10047 | Lair:2   | 10047 ||| Stepping randomly (stuck).
 10048 | Lair:2   | 10048 ||| Stepping randomly (stuck).
 10049 | Lair:2   | 10049 ||| Stepping randomly (stuck).
 10050 | Lair:2   | 10050 ||| Stepping randomly (stuck).
 10051 | Lair:2   | 10051 ||| Stepping randomly (stuck).
 10052 | Lair:2   | 10052 ||| Stepping randomly (stuck).
 10053 | Lair:2   | 10053 ||| Stepping randomly (stuck).
 10054 | Lair:2   | 10054 ||| Stepping randomly (stuck).
 10055 | Lair:2   | 10055 ||| Stepping randomly (stuck).
 10056 | Lair:2   | 10056 ||| Stepping randomly (stuck).
 10057 | Lair:2   | 10057 ||| Stepping randomly (stuck).
 10058 | Lair:2   | 10058 ||| Stepping randomly (stuck).
 10059 | Lair:2   | 10059 ||| Stepping randomly (stuck).
 10060 | Lair:2   | 10060 ||| Stepping randomly (stuck).
 10061 | Lair:2   | 10061 ||| Stepping randomly (stuck).
 10062 | Lair:2   | 10062 ||| Stepping randomly (stuck).
 10063 | Lair:2   | 10063 ||| Stepping randomly (stuck).
 10064 | Lair:2   | 10064 ||| Stepping randomly (stuck).
 10065 | Lair:2   | 10065 ||| Stepping randomly (stuck).
 10066 | Lair:2   | 10066 ||| Stepping randomly (stuck).
 10067 | Lair:2   | 10067 ||| Stepping randomly (stuck).
 10068 | Lair:2   | 10068 ||| Stepping randomly (stuck).
 10069 | Lair:2   | 10069 ||| Stepping randomly (stuck).
 10070 | Lair:2   | 10070 ||| Stepping randomly (stuck).
 10071 | Lair:2   | 10071 ||| Stepping randomly (stuck).
 10072 | Lair:2   | 10072 ||| Stepping randomly (stuck).
 10073 | Lair:2   | 10073 ||| Stepping randomly (stuck).
 10074 | Lair:2   | 10074 ||| Stepping randomly (stuck).
 10075 | Lair:2   | 10075 ||| Stepping randomly (stuck).
 10076 | Lair:2   | 10076 ||| Stepping randomly (stuck).
 10077 | Lair:2   | 10077 ||| Stepping randomly (stuck).
 10078 | Lair:2   | 10078 ||| Stepping randomly (stuck).
 10079 | Lair:2   | 10079 ||| Stepping randomly (stuck).
 10080 | Lair:2   | 10080 ||| Stepping randomly (stuck).
 10081 | Lair:2   | 10081 ||| Stepping randomly (stuck).
 10082 | Lair:2   | 10082 ||| Stepping randomly (stuck).
 10083 | Lair:2   | 10083 ||| Stepping randomly (stuck).
 10084 | Lair:2   | 10084 ||| Stepping randomly (stuck).
 10085 | Lair:2   | 10085 ||| Stepping randomly (stuck).
 10086 | Lair:2   | 10086 ||| Stepping randomly (stuck).
 10087 | Lair:2   | 10087 ||| Stepping randomly (stuck).
 10088 | Lair:2   | 10088 ||| Stepping randomly (stuck).
 10089 | Lair:2   | 10089 ||| Stepping randomly (stuck).
 10090 | Lair:2   | 10090 ||| Stepping randomly (stuck).
 10091 | Lair:2   | 10091 ||| Stepping randomly (stuck).
 10092 | Lair:2   | 10092 ||| Stepping randomly (stuck).
 10093 | Lair:2   | 10093 ||| Stepping randomly (stuck).
 10094 | Lair:2   | 10094 ||| Stepping randomly (stuck).
 10095 | Lair:2   | 10095 ||| Stepping randomly (stuck).
 10096 | Lair:2   | 10096 ||| Stepping randomly (stuck).
 10097 | Lair:2   | 10097 ||| Stepping randomly (stuck).
 10098 | Lair:2   | 10098 ||| Stepping randomly (stuck).
 10099 | Lair:2   | 10099 ||| Stepping randomly (stuck).
 10100 | Lair:2   | 10100 ||| Stepping randomly (stuck).
 10101 | Lair:2   | 10101 ||| Stepping randomly (stuck).
 10102 | Lair:2   | 10102 ||| Stepping randomly (stuck).
 10103 | Lair:2   | 10103 ||| Stepping randomly (stuck).
 10104 | Lair:2   | 10104 ||| Stepping randomly (stuck).
 10105 | Lair:2   | 10105 ||| Stepping randomly (stuck).
 10106 | Lair:2   | 10106 ||| Stepping randomly (stuck).
 10107 | Lair:2   | 10107 ||| Stepping randomly (stuck).
 10108 | Lair:2   | 10108 ||| Stepping randomly (stuck).
 10109 | Lair:2   | 10109 ||| Stepping randomly (stuck).
 10110 | Lair:2   | 10110 ||| Stepping randomly (stuck).
 10111 | Lair:2   | 10111 ||| Stepping randomly (stuck).
 10112 | Lair:2   | 10112 ||| Stepping randomly (stuck).
 10113 | Lair:2   | 10113 ||| Stepping randomly (stuck).
 10114 | Lair:2   | 10114 ||| Stepping randomly (stuck).
 10115 | Lair:2   | 10115 ||| Stepping randomly (stuck).
 10116 | Lair:2   | 10116 ||| Stepping randomly (stuck).
 10117 | Lair:2   | 10117 ||| Stepping randomly (stuck).
 10118 | Lair:2   | 10118 ||| Stepping randomly (stuck).
 10119 | Lair:2   | 10119 ||| Stepping randomly (stuck).
 10120 | Lair:2   | 10120 ||| Stepping randomly (stuck).
 10121 | Lair:2   | 10121 ||| Stepping randomly (stuck).
 10122 | Lair:2   | 10122 ||| Stepping randomly (stuck).
 10123 | Lair:2   | 10123 ||| Stepping randomly (stuck).
 10124 | Lair:2   | 10124 ||| Stepping randomly (stuck).
 10125 | Lair:2   | 10125 ||| Stepping randomly (stuck).
 10126 | Lair:2   | 10126 ||| Stepping randomly (stuck).
 10127 | Lair:2   | 10127 ||| Stepping randomly (stuck).
 10128 | Lair:2   | 10128 ||| Stepping randomly (stuck).
 10129 | Lair:2   | 10129 ||| Stepping randomly (stuck).
 10130 | Lair:2   | 10130 ||| Stepping randomly (stuck).
 10131 | Lair:2   | 10131 ||| Stepping randomly (stuck).
 10132 | Lair:2   | 10132 ||| Stepping randomly (stuck).
 10133 | Lair:2   | 10133 ||| Stepping randomly (stuck).
 10134 | Lair:2   | 10134 ||| Stepping randomly (stuck).
 10135 | Lair:2   | 10135 ||| Stepping randomly (stuck).
 10136 | Lair:2   | 10136 ||| Stepping randomly (stuck).
 10137 | Lair:2   | 10137 ||| Stepping randomly (stuck).
 10138 | Lair:2   | 10138 ||| Stepping randomly (stuck).
 10139 | Lair:2   | 10139 ||| Stepping randomly (stuck).
 10140 | Lair:2   | 10140 ||| Stepping randomly (stuck).
 10141 | Lair:2   | 10141 ||| Stepping randomly (stuck).
 10142 | Lair:2   | 10142 ||| Stepping randomly (stuck).
 10143 | Lair:2   | 10143 ||| Stepping randomly (stuck).
 10144 | Lair:2   | 10144 ||| Stepping randomly (stuck).
 10145 | Lair:2   | 10145 ||| Stepping randomly (stuck).
 10146 | Lair:2   | 10146 ||| Stepping randomly (stuck).
 10147 | Lair:2   | 10147 ||| Stepping randomly (stuck).
 10148 | Lair:2   | 10148 ||| Stepping randomly (stuck).
 10149 | Lair:2   | 10149 ||| Stepping randomly (stuck).
 10150 | Lair:2   | 10150 ||| Stepping randomly (stuck).
 10151 | Lair:2   | 10151 ||| Stepping randomly (stuck).
 10152 | Lair:2   | 10152 ||| Stepping randomly (stuck).
 10153 | Lair:2   | 10153 ||| Stepping randomly (stuck).
 10154 | Lair:2   | 10154 ||| Stepping randomly (stuck).
 10155 | Lair:2   | 10155 ||| Stepping randomly (stuck).
 10156 | Lair:2   | 10156 ||| Stepping randomly (stuck).
 10157 | Lair:2   | 10157 ||| Stepping randomly (stuck).
 10158 | Lair:2   | 10158 ||| Stepping randomly (stuck).
 10159 | Lair:2   | 10159 ||| Stepping randomly (stuck).
 10160 | Lair:2   | 10160 ||| Stepping randomly (stuck).
 10161 | Lair:2   | 10161 ||| Stepping randomly (stuck).
 10162 | Lair:2   | 10162 ||| Stepping randomly (stuck).
 10163 | Lair:2   | 10163 ||| Stepping randomly (stuck).
 10164 | Lair:2   | 10164 ||| Stepping randomly (stuck).
 10165 | Lair:2   | 10165 ||| Stepping randomly (stuck).
 10166 | Lair:2   | 10166 ||| Stepping randomly (stuck).
 10167 | Lair:2   | 10167 ||| Stepping randomly (stuck).
 10168 | Lair:2   | 10168 ||| Stepping randomly (stuck).
 10169 | Lair:2   | 10169 ||| Stepping randomly (stuck).
 10170 | Lair:2   | 10170 ||| Stepping randomly (stuck).
 10171 | Lair:2   | 10171 ||| Stepping randomly (stuck).
 10172 | Lair:2   | 10172 ||| Stepping randomly (stuck).
 10173 | Lair:2   | 10173 ||| Stepping randomly (stuck).
 10174 | Lair:2   | 10174 ||| Stepping randomly (stuck).
 10175 | Lair:2   | 10175 ||| Stepping randomly (stuck).
 10176 | Lair:2   | 10176 ||| Stepping randomly (stuck).
 10177 | Lair:2   | 10177 ||| Stepping randomly (stuck).
 10178 | Lair:2   | 10178 ||| Stepping randomly (stuck).
 10179 | Lair:2   | 10179 ||| Stepping randomly (stuck).
 10180 | Lair:2   | 10180 ||| Stepping randomly (stuck).
 10181 | Lair:2   | 10181 ||| Stepping randomly (stuck).
 10182 | Lair:2   | 10182 ||| Stepping randomly (stuck).
 10183 | Lair:2   | 10183 ||| Stepping randomly (stuck).
 10184 | Lair:2   | 10184 ||| Stepping randomly (stuck).
 10185 | Lair:2   | 10185 ||| Stepping randomly (stuck).
 10186 | Lair:2   | 10186 ||| Stepping randomly (stuck).
 10187 | Lair:2   | 10187 ||| Stepping randomly (stuck).
 10188 | Lair:2   | 10188 ||| Stepping randomly (stuck).
 10189 | Lair:2   | 10189 ||| Stepping randomly (stuck).
 10190 | Lair:2   | 10190 ||| Stepping randomly (stuck).
 10191 | Lair:2   | 10191 ||| Stepping randomly (stuck).
 10192 | Lair:2   | 10192 ||| Stepping randomly (stuck).
 10193 | Lair:2   | 10193 ||| Stepping randomly (stuck).
 10194 | Lair:2   | 10194 ||| Stepping randomly (stuck).
 10195 | Lair:2   | 10195 ||| Stepping randomly (stuck).
 10196 | Lair:2   | 10196 ||| Stepping randomly (stuck).
 10197 | Lair:2   | 10197 ||| Stepping randomly (stuck).
 10198 | Lair:2   | 10198 ||| Stepping randomly (stuck).
 10199 | Lair:2   | 10199 ||| Stepping randomly (stuck).
 10200 | Lair:2   | 10200 ||| Stepping randomly (stuck).
 10201 | Lair:2   | 10201 ||| Stepping randomly (stuck).
 10202 | Lair:2   | 10202 ||| Stepping randomly (stuck).
 10203 | Lair:2   | 10203 ||| Stepping randomly (stuck).
 10204 | Lair:2   | 10204 ||| Stepping randomly (stuck).
 10205 | Lair:2   | 10205 ||| Stepping randomly (stuck).
 10206 | Lair:2   | 10206 ||| Stepping randomly (stuck).
 10207 | Lair:2   | 10207 ||| Stepping randomly (stuck).
 10208 | Lair:2   | 10208 ||| Stepping randomly (stuck).
 10209 | Lair:2   | 10209 ||| Stepping randomly (stuck).
 10210 | Lair:2   | 10210 ||| Stepping randomly (stuck).
 10211 | Lair:2   | 10211 ||| Stepping randomly (stuck).
 10212 | Lair:2   | 10212 ||| Stepping randomly (stuck).
 10213 | Lair:2   | 10213 ||| Stepping randomly (stuck).
 10214 | Lair:2   | 10214 ||| Stepping randomly (stuck).
 10215 | Lair:2   | 10215 ||| Stepping randomly (stuck).
 10216 | Lair:2   | 10216 ||| Stepping randomly (stuck).
 10217 | Lair:2   | 10217 ||| Stepping randomly (stuck).
 10218 | Lair:2   | 10218 ||| Stepping randomly (stuck).
 10219 | Lair:2   | 10219 ||| Stepping randomly (stuck).
 10220 | Lair:2   | 10220 ||| Stepping randomly (stuck).
 10221 | Lair:2   | 10221 ||| Stepping randomly (stuck).
 10222 | Lair:2   | 10222 ||| Stepping randomly (stuck).
 10223 | Lair:2   | 10223 ||| Stepping randomly (stuck).
 10224 | Lair:2   | 10224 ||| Stepping randomly (stuck).
 10225 | Lair:2   | 10225 ||| Stepping randomly (stuck).
 10226 | Lair:2   | 10226 ||| Stepping randomly (stuck).
 10227 | Lair:2   | 10227 ||| Stepping randomly (stuck).
 10228 | Lair:2   | 10228 ||| Stepping randomly (stuck).
 10229 | Lair:2   | 10229 ||| Stepping randomly (stuck).
 10230 | Lair:2   | 10230 ||| Stepping randomly (stuck).
 10231 | Lair:2   | 10231 ||| Stepping randomly (stuck).
 10232 | Lair:2   | 10232 ||| Stepping randomly (stuck).
 10233 | Lair:2   | 10233 ||| Stepping randomly (stuck).
 10234 | Lair:2   | 10234 ||| Stepping randomly (stuck).
 10235 | Lair:2   | 10235 ||| Stepping randomly (stuck).
 10236 | Lair:2   | 10236 ||| Stepping randomly (stuck).
 10237 | Lair:2   | 10237 ||| Stepping randomly (stuck).
 10238 | Lair:2   | 10238 ||| Stepping randomly (stuck).
 10239 | Lair:2   | 10239 ||| Stepping randomly (stuck).
 10240 | Lair:2   | 10240 ||| Stepping randomly (stuck).
 10241 | Lair:2   | 10241 ||| Stepping randomly (stuck).
 10242 | Lair:2   | 10242 ||| Stepping randomly (stuck).
 10243 | Lair:2   | 10243 ||| Stepping randomly (stuck).
 10244 | Lair:2   | 10244 ||| Stepping randomly (stuck).
 10245 | Lair:2   | 10245 ||| Stepping randomly (stuck).
 10246 | Lair:2   | 10246 ||| Stepping randomly (stuck).
 10247 | Lair:2   | 10247 ||| Stepping randomly (stuck).
 10248 | Lair:2   | 10248 ||| Stepping randomly (stuck).
 10249 | Lair:2   | 10249 ||| Stepping randomly (stuck).
 10250 | Lair:2   | 10250 ||| Stepping randomly (stuck).
 10251 | Lair:2   | 10251 ||| Stepping randomly (stuck).
 10252 | Lair:2   | 10252 ||| Stepping randomly (stuck).
 10253 | Lair:2   | 10253 ||| Stepping randomly (stuck).
 10254 | Lair:2   | 10254 ||| Stepping randomly (stuck).
 10255 | Lair:2   | 10255 ||| Stepping randomly (stuck).
 10256 | Lair:2   | 10256 ||| Stepping randomly (stuck).
 10257 | Lair:2   | 10257 ||| Stepping randomly (stuck).
 10258 | Lair:2   | 10258 ||| Stepping randomly (stuck).
 10259 | Lair:2   | 10259 ||| Stepping randomly (stuck).
 10260 | Lair:2   | 10260 ||| Stepping randomly (stuck).
 10261 | Lair:2   | 10261 ||| Stepping randomly (stuck).
 10262 | Lair:2   | 10262 ||| Stepping randomly (stuck).
 10263 | Lair:2   | 10263 ||| Stepping randomly (stuck).
 10264 | Lair:2   | 10264 ||| Stepping randomly (stuck).
 10265 | Lair:2   | 10265 ||| Stepping randomly (stuck).
 10266 | Lair:2   | 10266 ||| Stepping randomly (stuck).
 10267 | Lair:2   | 10267 ||| Stepping randomly (stuck).
 10268 | Lair:2   | 10268 ||| Stepping randomly (stuck).
 10269 | Lair:2   | 10269 ||| Stepping randomly (stuck).
 10270 | Lair:2   | 10270 ||| Stepping randomly (stuck).
 10271 | Lair:2   | 10271 ||| Stepping randomly (stuck).
 10272 | Lair:2   | 10272 ||| Stepping randomly (stuck).
 10273 | Lair:2   | 10273 ||| Stepping randomly (stuck).
 10274 | Lair:2   | 10274 ||| Stepping randomly (stuck).
 10275 | Lair:2   | 10275 ||| Stepping randomly (stuck).
 10276 | Lair:2   | 10276 ||| Stepping randomly (stuck).
 10277 | Lair:2   | 10277 ||| Stepping randomly (stuck).
 10278 | Lair:2   | 10278 ||| Stepping randomly (stuck).
 10279 | Lair:2   | 10279 ||| Stepping randomly (stuck).
 10280 | Lair:2   | 10280 ||| Stepping randomly (stuck).
 10281 | Lair:2   | 10281 ||| Stepping randomly (stuck).
 10282 | Lair:2   | 10282 ||| Stepping randomly (stuck).
 10283 | Lair:2   | 10283 ||| Stepping randomly (stuck).
 10284 | Lair:2   | 10284 ||| Stepping randomly (stuck).
 10285 | Lair:2   | 10285 ||| Stepping randomly (stuck).
 10286 | Lair:2   | 10286 ||| Stepping randomly (stuck).
 10287 | Lair:2   | 10287 ||| Stepping randomly (stuck).
 10288 | Lair:2   | 10288 ||| Stepping randomly (stuck).
 10289 | Lair:2   | 10289 ||| Stepping randomly (stuck).
 10290 | Lair:2   | 10290 ||| Stepping randomly (stuck).
 10291 | Lair:2   | 10291 ||| Stepping randomly (stuck).
 10292 | Lair:2   | 10292 ||| Stepping randomly (stuck).
 10293 | Lair:2   | 10293 ||| Stepping randomly (stuck).
 10294 | Lair:2   | 10294 ||| Stepping randomly (stuck).
 10295 | Lair:2   | 10295 ||| Stepping randomly (stuck).
 10296 | Lair:2   | 10296 ||| Stepping randomly (stuck).
 10297 | Lair:2   | 10297 ||| Stepping randomly (stuck).
 10298 | Lair:2   | 10298 ||| Stepping randomly (stuck).
 10299 | Lair:2   | 10299 ||| Stepping randomly (stuck).
 10300 | Lair:2   | 10300 ||| Stepping randomly (stuck).
 10301 | Lair:2   | 10301 ||| Stepping randomly (stuck).
 10302 | Lair:2   | 10302 ||| Stepping randomly (stuck).
 10303 | Lair:2   | 10303 ||| Stepping randomly (stuck).
 10304 | Lair:2   | 10304 ||| Stepping randomly (stuck).
 10305 | Lair:2   | 10305 ||| Stepping randomly (stuck).
 10306 | Lair:2   | 10306 ||| Stepping randomly (stuck).
 10307 | Lair:2   | 10307 ||| Stepping randomly (stuck).
 10308 | Lair:2   | 10308 ||| Stepping randomly (stuck).
 10309 | Lair:2   | 10309 ||| Stepping randomly (stuck).
 10310 | Lair:2   | 10310 ||| Stepping randomly (stuck).
 10311 | Lair:2   | 10311 ||| Stepping randomly (stuck).
 10312 | Lair:2   | 10312 ||| Stepping randomly (stuck).
 10313 | Lair:2   | 10313 ||| Stepping randomly (stuck).
 10314 | Lair:2   | 10314 ||| Stepping randomly (stuck).
 10315 | Lair:2   | 10315 ||| Stepping randomly (stuck).
 10316 | Lair:2   | 10316 ||| Stepping randomly (stuck).
 10317 | Lair:2   | 10317 ||| Stepping randomly (stuck).
 10318 | Lair:2   | 10318 ||| Stepping randomly (stuck).
 10319 | Lair:2   | 10319 ||| Stepping randomly (stuck).
 10320 | Lair:2   | 10320 ||| Stepping randomly (stuck).
 10321 | Lair:2   | 10321 ||| Stepping randomly (stuck).
 10322 | Lair:2   | 10322 ||| Stepping randomly (stuck).
 10323 | Lair:2   | 10323 ||| Stepping randomly (stuck).
 10324 | Lair:2   | 10324 ||| Stepping randomly (stuck).
 10325 | Lair:2   | 10325 ||| Stepping randomly (stuck).
 10326 | Lair:2   | 10326 ||| Stepping randomly (stuck).
 10327 | Lair:2   | 10327 ||| Stepping randomly (stuck).
 10328 | Lair:2   | 10328 ||| Stepping randomly (stuck).
 10329 | Lair:2   | 10329 ||| Stepping randomly (stuck).
 10330 | Lair:2   | 10330 ||| Stepping randomly (stuck).
 10331 | Lair:2   | 10331 ||| Stepping randomly (stuck).
 10332 | Lair:2   | 10332 ||| Stepping randomly (stuck).
 10333 | Lair:2   | 10333 ||| Stepping randomly (stuck).
 10334 | Lair:2   | 10334 ||| Stepping randomly (stuck).
 10335 | Lair:2   | 10335 ||| Stepping randomly (stuck).
 10336 | Lair:2   | 10336 ||| Stepping randomly (stuck).
 10337 | Lair:2   | 10337 ||| Stepping randomly (stuck).
 10338 | Lair:2   | 10338 ||| Stepping randomly (stuck).
 10339 | Lair:2   | 10339 ||| Stepping randomly (stuck).
 10340 | Lair:2   | 10340 ||| Stepping randomly (stuck).
 10341 | Lair:2   | 10341 ||| Stepping randomly (stuck).
 10342 | Lair:2   | 10342 ||| Stepping randomly (stuck).
 10343 | Lair:2   | 10343 ||| Stepping randomly (stuck).
 10344 | Lair:2   | 10344 ||| Stepping randomly (stuck).
 10345 | Lair:2   | 10345 ||| Stepping randomly (stuck).
 10346 | Lair:2   | 10346 ||| Stepping randomly (stuck).
 10347 | Lair:2   | 10347 ||| Stepping randomly (stuck).
 10348 | Lair:2   | 10348 ||| Stepping randomly (stuck).
 10349 | Lair:2   | 10349 ||| Stepping randomly (stuck).
 10350 | Lair:2   | 10350 ||| Stepping randomly (stuck).
 10351 | Lair:2   | 10351 ||| Stepping randomly (stuck).
 10352 | Lair:2   | 10352 ||| Stepping randomly (stuck).
 10353 | Lair:2   | 10353 ||| Stepping randomly (stuck).
 10354 | Lair:2   | 10354 ||| Stepping randomly (stuck).
 10355 | Lair:2   | 10355 ||| Stepping randomly (stuck).
 10356 | Lair:2   | 10356 ||| Stepping randomly (stuck).
 10357 | Lair:2   | 10357 ||| Stepping randomly (stuck).
 10358 | Lair:2   | 10358 ||| Stepping randomly (stuck).
 10359 | Lair:2   | 10359 ||| Stepping randomly (stuck).
 10360 | Lair:2   | 10360 ||| Stepping randomly (stuck).
 10361 | Lair:2   | 10361 ||| Stepping randomly (stuck).
 10362 | Lair:2   | 10362 ||| Stepping randomly (stuck).
 10363 | Lair:2   | 10363 ||| Stepping randomly (stuck).
 10364 | Lair:2   | 10364 ||| Stepping randomly (stuck).
 10365 | Lair:2   | 10365 ||| Stepping randomly (stuck).
 10366 | Lair:2   | 10366 ||| Stepping randomly (stuck).
 10367 | Lair:2   | 10367 ||| Stepping randomly (stuck).
 10368 | Lair:2   | 10368 ||| Stepping randomly (stuck).
 10369 | Lair:2   | 10369 ||| Stepping randomly (stuck).
 10370 | Lair:2   | 10370 ||| Stepping randomly (stuck).
 10371 | Lair:2   | 10371 ||| Stepping randomly (stuck).
 10372 | Lair:2   | 10372 ||| Stepping randomly (stuck).
 10373 | Lair:2   | 10373 ||| Stepping randomly (stuck).
 10374 | Lair:2   | 10374 ||| Stepping randomly (stuck).
 10375 | Lair:2   | 10375 ||| Stepping randomly (stuck).
 10376 | Lair:2   | 10376 ||| Stepping randomly (stuck).
 10377 | Lair:2   | 10377 ||| Stepping randomly (stuck).
 10378 | Lair:2   | 10378 ||| Stepping randomly (stuck).
 10379 | Lair:2   | 10379 ||| Stepping randomly (stuck).
 10380 | Lair:2   | 10380 ||| Stepping randomly (stuck).
 10381 | Lair:2   | 10381 ||| Stepping randomly (stuck).
 10382 | Lair:2   | 10382 ||| Stepping randomly (stuck).
 10383 | Lair:2   | 10383 ||| Stepping randomly (stuck).
 10384 | Lair:2   | 10384 ||| Stepping randomly (stuck).
 10385 | Lair:2   | 10385 ||| Stepping randomly (stuck).
 10386 | Lair:2   | 10386 ||| Stepping randomly (stuck).
 10387 | Lair:2   | 10387 ||| Stepping randomly (stuck).
 10388 | Lair:2   | 10388 ||| Stepping randomly (stuck).
 10389 | Lair:2   | 10389 ||| Stepping randomly (stuck).
 10390 | Lair:2   | 10390 ||| Stepping randomly (stuck).
 10391 | Lair:2   | 10391 ||| Stepping randomly (stuck).
 10392 | Lair:2   | 10392 ||| Stepping randomly (stuck).
 10393 | Lair:2   | 10393 ||| Stepping randomly (stuck).
 10394 | Lair:2   | 10394 ||| Stepping randomly (stuck).
 10395 | Lair:2   | 10395 ||| Stepping randomly (stuck).
 10396 | Lair:2   | 10396 ||| Stepping randomly (stuck).
 10397 | Lair:2   | 10397 ||| Stepping randomly (stuck).
 10398 | Lair:2   | 10398 ||| Stepping randomly (stuck).
 10399 | Lair:2   | 10399 ||| Stepping randomly (stuck).
 10400 | Lair:2   | 10400 ||| Stepping randomly (stuck).
 10401 | Lair:2   | 10401 ||| Stepping randomly (stuck).
 10402 | Lair:2   | 10402 ||| Stepping randomly (stuck).
 10403 | Lair:2   | 10403 ||| Stepping randomly (stuck).
 10404 | Lair:2   | 10404 ||| Stepping randomly (stuck).
 10405 | Lair:2   | 10405 ||| Stepping randomly (stuck).
 10406 | Lair:2   | 10406 ||| Stepping randomly (stuck).
 10407 | Lair:2   | 10407 ||| Stepping randomly (stuck).
 10408 | Lair:2   | 10408 ||| Stepping randomly (stuck).
 10409 | Lair:2   | 10409 ||| Stepping randomly (stuck).
 10410 | Lair:2   | 10410 ||| Stepping randomly (stuck).
 10411 | Lair:2   | 10411 ||| Stepping randomly (stuck).
 10412 | Lair:2   | 10412 ||| Stepping randomly (stuck).
 10413 | Lair:2   | 10413 ||| Stepping randomly (stuck).
 10414 | Lair:2   | 10414 ||| Stepping randomly (stuck).
 10415 | Lair:2   | 10415 ||| Stepping randomly (stuck).
 10416 | Lair:2   | 10416 ||| Stepping randomly (stuck).
 10417 | Lair:2   | 10417 ||| Stepping randomly (stuck).
 10418 | Lair:2   | 10418 ||| Stepping randomly (stuck).
 10419 | Lair:2   | 10419 ||| Stepping randomly (stuck).
 10420 | Lair:2   | 10420 ||| Stepping randomly (stuck).
 10421 | Lair:2   | 10421 ||| Stepping randomly (stuck).
 10422 | Lair:2   | 10422 ||| Stepping randomly (stuck).
 10423 | Lair:2   | 10423 ||| Stepping randomly (stuck).
 10424 | Lair:2   | 10424 ||| Stepping randomly (stuck).
 10425 | Lair:2   | 10425 ||| Stepping randomly (stuck).
 10426 | Lair:2   | 10426 ||| Stepping randomly (stuck).
 10427 | Lair:2   | 10427 ||| Stepping randomly (stuck).
 10428 | Lair:2   | 10428 ||| Stepping randomly (stuck).
 10429 | Lair:2   | 10429 ||| Stepping randomly (stuck).
 10430 | Lair:2   | 10430 ||| Stepping randomly (stuck).
 10431 | Lair:2   | 10431 ||| Stepping randomly (stuck).
 10432 | Lair:2   | 10432 ||| Stepping randomly (stuck).
 10433 | Lair:2   | 10433 ||| Stepping randomly (stuck).
 10434 | Lair:2   | 10434 ||| Stepping randomly (stuck).
 10435 | Lair:2   | 10435 ||| Stepping randomly (stuck).
 10436 | Lair:2   | 10436 ||| Stepping randomly (stuck).
 10437 | Lair:2   | 10437 ||| Stepping randomly (stuck).
 10438 | Lair:2   | 10438 ||| Stepping randomly (stuck).
 10439 | Lair:2   | 10439 ||| Stepping randomly (stuck).
 10440 | Lair:2   | 10440 ||| Stepping randomly (stuck).
 10441 | Lair:2   | 10441 ||| Stepping randomly (stuck).
 10442 | Lair:2   | 10442 ||| Stepping randomly (stuck).
 10443 | Lair:2   | 10443 ||| Stepping randomly (stuck).
 10444 | Lair:2   | 10444 ||| Stepping randomly (stuck).
 10445 | Lair:2   | 10445 ||| Stepping randomly (stuck).
 10446 | Lair:2   | 10446 ||| Stepping randomly (stuck).
 10447 | Lair:2   | 10447 ||| Stepping randomly (stuck).
 10448 | Lair:2   | 10448 ||| Stepping randomly (stuck).
 10449 | Lair:2   | 10449 ||| Stepping randomly (stuck).
 10450 | Lair:2   | 10450 ||| Stepping randomly (stuck).
 10451 | Lair:2   | 10451 ||| Stepping randomly (stuck).
 10452 | Lair:2   | 10452 ||| Stepping randomly (stuck).
 10453 | Lair:2   | 10453 ||| Stepping randomly (stuck).
 10454 | Lair:2   | 10454 ||| Stepping randomly (stuck).
 10455 | Lair:2   | 10455 ||| Stepping randomly (stuck).
 10456 | Lair:2   | 10456 ||| Stepping randomly (stuck).
 10457 | Lair:2   | 10457 ||| Stepping randomly (stuck).
 10458 | Lair:2   | 10458 ||| Stepping randomly (stuck).
 10459 | Lair:2   | 10459 ||| Stepping randomly (stuck).
 10460 | Lair:2   | 10460 ||| Stepping randomly (stuck).
 10461 | Lair:2   | 10461 ||| Stepping randomly (stuck).
 10462 | Lair:2   | 10462 ||| Stepping randomly (stuck).
 10463 | Lair:2   | 10463 ||| Stepping randomly (stuck).
 10464 | Lair:2   | 10464 ||| Stepping randomly (stuck).
 10465 | Lair:2   | 10465 ||| Stepping randomly (stuck).
 10466 | Lair:2   | 10466 ||| Stepping randomly (stuck).
 10467 | Lair:2   | 10467 ||| Stepping randomly (stuck).
 10468 | Lair:2   | 10468 ||| Stepping randomly (stuck).
 10469 | Lair:2   | 10469 ||| Stepping randomly (stuck).
 10470 | Lair:2   | 10470 ||| Stepping randomly (stuck).
 10471 | Lair:2   | 10471 ||| Stepping randomly (stuck).
 10472 | Lair:2   | 10472 ||| Stepping randomly (stuck).
 10473 | Lair:2   | 10473 ||| Stepping randomly (stuck).
 10474 | Lair:2   | 10474 ||| Stepping randomly (stuck).
 10475 | Lair:2   | 10475 ||| Stepping randomly (stuck).
 10476 | Lair:2   | 10476 ||| Stepping randomly (stuck).
 10477 | Lair:2   | 10477 ||| Stepping randomly (stuck).
 10478 | Lair:2   | 10478 ||| Stepping randomly (stuck).
 10479 | Lair:2   | 10479 ||| Stepping randomly (stuck).
 10480 | Lair:2   | 10480 ||| Stepping randomly (stuck).
 10481 | Lair:2   | 10481 ||| Stepping randomly (stuck).
 10482 | Lair:2   | 10482 ||| Stepping randomly (stuck).
 10483 | Lair:2   | 10483 ||| Stepping randomly (stuck).
 10484 | Lair:2   | 10484 ||| Stepping randomly (stuck).
 10485 | Lair:2   | 10485 ||| Stepping randomly (stuck).
 10486 | Lair:2   | 10486 ||| Stepping randomly (stuck).
 10487 | Lair:2   | 10487 ||| Stepping randomly (stuck).
 10488 | Lair:2   | 10488 ||| Stepping randomly (stuck).
 10489 | Lair:2   | 10489 ||| Stepping randomly (stuck).
 10490 | Lair:2   | 10490 ||| Stepping randomly (stuck).
 10491 | Lair:2   | 10491 ||| Stepping randomly (stuck).
 10492 | Lair:2   | 10492 ||| Stepping randomly (stuck).
 10493 | Lair:2   | 10493 ||| Stepping randomly (stuck).
 10494 | Lair:2   | 10494 ||| Stepping randomly (stuck).
 10495 | Lair:2   | 10495 ||| Stepping randomly (stuck).
 10496 | Lair:2   | 10496 ||| Stepping randomly (stuck).
 10497 | Lair:2   | 10497 ||| Stepping randomly (stuck).
 10498 | Lair:2   | 10498 ||| Stepping randomly (stuck).
 10499 | Lair:2   | 10499 ||| Stepping randomly (stuck).
 10500 | Lair:2   | 10500 ||| Stepping randomly (stuck).
 10501 | Lair:2   | 10501 ||| Stepping randomly (stuck).
 10502 | Lair:2   | 10502 ||| Stepping randomly (stuck).
 10503 | Lair:2   | 10503 ||| Stepping randomly (stuck).
 10504 | Lair:2   | 10504 ||| Stepping randomly (stuck).
 10505 | Lair:2   | 10505 ||| Stepping randomly (stuck).
 10506 | Lair:2   | 10506 ||| Stepping randomly (stuck).
 10507 | Lair:2   | 10507 ||| Stepping randomly (stuck).
 10508 | Lair:2   | 10508 ||| Stepping randomly (stuck).
 10509 | Lair:2   | 10509 ||| Stepping randomly (stuck).
 10510 | Lair:2   | 10510 ||| Stepping randomly (stuck).
 10511 | Lair:2   | 10511 ||| Stepping randomly (stuck).
 10512 | Lair:2   | 10512 ||| Stepping randomly (stuck).
 10513 | Lair:2   | 10513 ||| Stepping randomly (stuck).
 10514 | Lair:2   | 10514 ||| Stepping randomly (stuck).
 10515 | Lair:2   | 10515 ||| Stepping randomly (stuck).
 10516 | Lair:2   | 10516 ||| Stepping randomly (stuck).
 10517 | Lair:2   | 10517 ||| Stepping randomly (stuck).
 10518 | Lair:2   | 10518 ||| Stepping randomly (stuck).
 10519 | Lair:2   | 10519 ||| Stepping randomly (stuck).
 10520 | Lair:2   | 10520 ||| Stepping randomly (stuck).
 10521 | Lair:2   | 10521 ||| Stepping randomly (stuck).
 10522 | Lair:2   | 10522 ||| Stepping randomly (stuck).
 10523 | Lair:2   | 10523 ||| Stepping randomly (stuck).
 10524 | Lair:2   | 10524 ||| Stepping randomly (stuck).
 10525 | Lair:2   | 10525 ||| Stepping randomly (stuck).
 10526 | Lair:2   | 10526 ||| Stepping randomly (stuck).
 10527 | Lair:2   | 10527 ||| Stepping randomly (stuck).
 10528 | Lair:2   | 10528 ||| Stepping randomly (stuck).
 10529 | Lair:2   | 10529 ||| Stepping randomly (stuck).
 10530 | Lair:2   | 10530 ||| Stepping randomly (stuck).
 10531 | Lair:2   | 10531 ||| Stepping randomly (stuck).
 10532 | Lair:2   | 10532 ||| Stepping randomly (stuck).
 10533 | Lair:2   | 10533 ||| Stepping randomly (stuck).
 10534 | Lair:2   | 10534 ||| Stepping randomly (stuck).
 10535 | Lair:2   | 10535 ||| Stepping randomly (stuck).
 10536 | Lair:2   | 10536 ||| Stepping randomly (stuck).
 10537 | Lair:2   | 10537 ||| Stepping randomly (stuck).
 10538 | Lair:2   | 10538 ||| Stepping randomly (stuck).
 10539 | Lair:2   | 10539 ||| Stepping randomly (stuck).
 10540 | Lair:2   | 10540 ||| Stepping randomly (stuck).
 10541 | Lair:2   | 10541 ||| Stepping randomly (stuck).
 10542 | Lair:2   | 10542 ||| Stepping randomly (stuck).
 10543 | Lair:2   | 10543 ||| Stepping randomly (stuck).
 10544 | Lair:2   | 10544 ||| Stepping randomly (stuck).
 10545 | Lair:2   | 10545 ||| Stepping randomly (stuck).
 10546 | Lair:2   | 10546 ||| Stepping randomly (stuck).
 10547 | Lair:2   | 10547 ||| Stepping randomly (stuck).
 10548 | Lair:2   | 10548 ||| Stepping randomly (stuck).
 10549 | Lair:2   | 10549 ||| Stepping randomly (stuck).
 10550 | Lair:2   | 10550 ||| Stepping randomly (stuck).
 10551 | Lair:2   | 10551 ||| Stepping randomly (stuck).
 10552 | Lair:2   | 10552 ||| Stepping randomly (stuck).
 10553 | Lair:2   | 10553 ||| Stepping randomly (stuck).
 10554 | Lair:2   | 10554 ||| Stepping randomly (stuck).
 10555 | Lair:2   | 10555 ||| Stepping randomly (stuck).
 10556 | Lair:2   | 10556 ||| Stepping randomly (stuck).
 10557 | Lair:2   | 10557 ||| Stepping randomly (stuck).
 10558 | Lair:2   | 10558 ||| Stepping randomly (stuck).
 10559 | Lair:2   | 10559 ||| Stepping randomly (stuck).
 10560 | Lair:2   | 10560 ||| Stepping randomly (stuck).
 10561 | Lair:2   | 10561 ||| Stepping randomly (stuck).
 10562 | Lair:2   | 10562 ||| Stepping randomly (stuck).
 10563 | Lair:2   | 10563 ||| Stepping randomly (stuck).
 10564 | Lair:2   | 10564 ||| Stepping randomly (stuck).
 10565 | Lair:2   | 10565 ||| Stepping randomly (stuck).
 10566 | Lair:2   | 10566 ||| Stepping randomly (stuck).
 10567 | Lair:2   | 10567 ||| Stepping randomly (stuck).
 10568 | Lair:2   | 10568 ||| Stepping randomly (stuck).
 10569 | Lair:2   | 10569 ||| Stepping randomly (stuck).
 10570 | Lair:2   | 10570 ||| Stepping randomly (stuck).
 10571 | Lair:2   | 10571 ||| Stepping randomly (stuck).
 10572 | Lair:2   | 10572 ||| Stepping randomly (stuck).
 10573 | Lair:2   | 10573 ||| Stepping randomly (stuck).
 10574 | Lair:2   | 10574 ||| Stepping randomly (stuck).
 10575 | Lair:2   | 10575 ||| Stepping randomly (stuck).
 10576 | Lair:2   | 10576 ||| Stepping randomly (stuck).
 10577 | Lair:2   | 10577 ||| Stepping randomly (stuck).
 10578 | Lair:2   | 10578 ||| Stepping randomly (stuck).
 10579 | Lair:2   | 10579 ||| Stepping randomly (stuck).
 10580 | Lair:2   | 10580 ||| Stepping randomly (stuck).
 10581 | Lair:2   | 10581 ||| Stepping randomly (stuck).
 10582 | Lair:2   | 10582 ||| Stepping randomly (stuck).
 10583 | Lair:2   | 10583 ||| Stepping randomly (stuck).
 10584 | Lair:2   | 10584 ||| Stepping randomly (stuck).
 10585 | Lair:2   | 10585 ||| Stepping randomly (stuck).
 10586 | Lair:2   | 10586 ||| Stepping randomly (stuck).
 10587 | Lair:2   | 10587 ||| Stepping randomly (stuck).
 10588 | Lair:2   | 10588 ||| Stepping randomly (stuck).
 10589 | Lair:2   | 10589 ||| Stepping randomly (stuck).
 10590 | Lair:2   | 10590 ||| Stepping randomly (stuck).
 10591 | Lair:2   | 10591 ||| Stepping randomly (stuck).
 10592 | Lair:2   | 10592 ||| Stepping randomly (stuck).
 10593 | Lair:2   | 10593 ||| Stepping randomly (stuck).
 10594 | Lair:2   | 10594 ||| Stepping randomly (stuck).
 10595 | Lair:2   | 10595 ||| Stepping randomly (stuck).
 10596 | Lair:2   | 10596 ||| Stepping randomly (stuck).
 10597 | Lair:2   | 10597 ||| Stepping randomly (stuck).
 10598 | Lair:2   | 10598 ||| Stepping randomly (stuck).
 10599 | Lair:2   | 10599 ||| Stepping randomly (stuck).
 10600 | Lair:2   | 10600 ||| Stepping randomly (stuck).
 10601 | Lair:2   | 10601 ||| Stepping randomly (stuck).
 10602 | Lair:2   | 10602 ||| Stepping randomly (stuck).
 10603 | Lair:2   | 10603 ||| Stepping randomly (stuck).
 10604 | Lair:2   | 10604 ||| Stepping randomly (stuck).
 10605 | Lair:2   | 10605 ||| Stepping randomly (stuck).
 10606 | Lair:2   | 10606 ||| Stepping randomly (stuck).
 10607 | Lair:2   | 10607 ||| Stepping randomly (stuck).
 10608 | Lair:2   | 10608 ||| Stepping randomly (stuck).
 10609 | Lair:2   | 10609 ||| Stepping randomly (stuck).
 10610 | Lair:2   | 10610 ||| Stepping randomly (stuck).
 10611 | Lair:2   | 10611 ||| Stepping randomly (stuck).
 10612 | Lair:2   | 10612 ||| Stepping randomly (stuck).
 10613 | Lair:2   | 10613 ||| Stepping randomly (stuck).
 10614 | Lair:2   | 10614 ||| Stepping randomly (stuck).
 10615 | Lair:2   | 10615 ||| Stepping randomly (stuck).
 10616 | Lair:2   | 10616 ||| Stepping randomly (stuck).
 10617 | Lair:2   | 10617 ||| Stepping randomly (stuck).
 10618 | Lair:2   | 10618 ||| Stepping randomly (stuck).
 10619 | Lair:2   | 10619 ||| Stepping randomly (stuck).
 10620 | Lair:2   | 10620 ||| Stepping randomly (stuck).
 10621 | Lair:2   | 10621 ||| Stepping randomly (stuck).
 10622 | Lair:2   | 10622 ||| Stepping randomly (stuck).
 10623 | Lair:2   | 10623 ||| Stepping randomly (stuck).
 10624 | Lair:2   | 10624 ||| Stepping randomly (stuck).
 10625 | Lair:2   | 10625 ||| Stepping randomly (stuck).
 10626 | Lair:2   | 10626 ||| Stepping randomly (stuck).
 10627 | Lair:2   | 10627 ||| Stepping randomly (stuck).
 10628 | Lair:2   | 10628 ||| Stepping randomly (stuck).
 10629 | Lair:2   | 10629 ||| Stepping randomly (stuck).
 10630 | Lair:2   | 10630 ||| Stepping randomly (stuck).
 10631 | Lair:2   | 10631 ||| Stepping randomly (stuck).
 10632 | Lair:2   | 10632 ||| Stepping randomly (stuck).
 10633 | Lair:2   | 10633 ||| Stepping randomly (stuck).
 10634 | Lair:2   | 10634 ||| Stepping randomly (stuck).
 10635 | Lair:2   | 10635 ||| Stepping randomly (stuck).
 10636 | Lair:2   | 10636 ||| Stepping randomly (stuck).
 10637 | Lair:2   | 10637 ||| Stepping randomly (stuck).
 10638 | Lair:2   | 10638 ||| Stepping randomly (stuck).
 10639 | Lair:2   | 10639 ||| Stepping randomly (stuck).
 10640 | Lair:2   | 10640 ||| Stepping randomly (stuck).
 10641 | Lair:2   | 10641 ||| Stepping randomly (stuck).
 10642 | Lair:2   | 10642 ||| Stepping randomly (stuck).
 10643 | Lair:2   | 10643 ||| Stepping randomly (stuck).
 10644 | Lair:2   | 10644 ||| Stepping randomly (stuck).
 10645 | Lair:2   | 10645 ||| Stepping randomly (stuck).
 10646 | Lair:2   | 10646 ||| Stepping randomly (stuck).
 10647 | Lair:2   | 10647 ||| Stepping randomly (stuck).
 10648 | Lair:2   | 10648 ||| Stepping randomly (stuck).
 10649 | Lair:2   | 10649 ||| Stepping randomly (stuck).
 10650 | Lair:2   | 10650 ||| Stepping randomly (stuck).
 10651 | Lair:2   | 10651 ||| Stepping randomly (stuck).
 10652 | Lair:2   | 10652 ||| Stepping randomly (stuck).
 10653 | Lair:2   | 10653 ||| Stepping randomly (stuck).
 10654 | Lair:2   | 10654 ||| Stepping randomly (stuck).
 10655 | Lair:2   | 10655 ||| Stepping randomly (stuck).
 10656 | Lair:2   | 10656 ||| Stepping randomly (stuck).
 10657 | Lair:2   | 10657 ||| Stepping randomly (stuck).
 10658 | Lair:2   | 10658 ||| Stepping randomly (stuck).
 10659 | Lair:2   | 10659 ||| Stepping randomly (stuck).
 10660 | Lair:2   | 10660 ||| Stepping randomly (stuck).
 10661 | Lair:2   | 10661 ||| Stepping randomly (stuck).
 10662 | Lair:2   | 10662 ||| Stepping randomly (stuck).
 10663 | Lair:2   | 10663 ||| Stepping randomly (stuck).
 10664 | Lair:2   | 10664 ||| Stepping randomly (stuck).
 10665 | Lair:2   | 10665 ||| Stepping randomly (stuck).
 10666 | Lair:2   | 10666 ||| Stepping randomly (stuck).
 10667 | Lair:2   | 10667 ||| Stepping randomly (stuck).
 10668 | Lair:2   | 10668 ||| Stepping randomly (stuck).
 10669 | Lair:2   | 10669 ||| Stepping randomly (stuck).
 10670 | Lair:2   | 10670 ||| Stepping randomly (stuck).
 10671 | Lair:2   | 10671 ||| Stepping randomly (stuck).
 10672 | Lair:2   | 10672 ||| Stepping randomly (stuck).
 10673 | Lair:2   | 10673 ||| Stepping randomly (stuck).
 10674 | Lair:2   | 10674 ||| Stepping randomly (stuck).
 10675 | Lair:2   | 10675 ||| Stepping randomly (stuck).
 10676 | Lair:2   | 10676 ||| Stepping randomly (stuck).
 10677 | Lair:2   | 10677 ||| Stepping randomly (stuck).
 10678 | Lair:2   | 10678 ||| Stepping randomly (stuck).
 10679 | Lair:2   | 10679 ||| Stepping randomly (stuck).
 10680 | Lair:2   | 10680 ||| Stepping randomly (stuck).
 10681 | Lair:2   | 10681 ||| Stepping randomly (stuck).
 10682 | Lair:2   | 10682 ||| Stepping randomly (stuck).
 10683 | Lair:2   | 10683 ||| Stepping randomly (stuck).
 10684 | Lair:2   | 10684 ||| Stepping randomly (stuck).
 10685 | Lair:2   | 10685 ||| Stepping randomly (stuck).
 10686 | Lair:2   | 10686 ||| Stepping randomly (stuck).
 10687 | Lair:2   | 10687 ||| Stepping randomly (stuck).
 10688 | Lair:2   | 10688 ||| Stepping randomly (stuck).
 10689 | Lair:2   | 10689 ||| Stepping randomly (stuck).
 10690 | Lair:2   | 10690 ||| Stepping randomly (stuck).
 10691 | Lair:2   | 10691 ||| Stepping randomly (stuck).
 10692 | Lair:2   | 10692 ||| Stepping randomly (stuck).
 10693 | Lair:2   | 10693 ||| Stepping randomly (stuck).
 10694 | Lair:2   | 10694 ||| Stepping randomly (stuck).
 10695 | Lair:2   | 10695 ||| Stepping randomly (stuck).
 10696 | Lair:2   | 10696 ||| Stepping randomly (stuck).
 10697 | Lair:2   | 10697 ||| Stepping randomly (stuck).
 10698 | Lair:2   | 10698 ||| Stepping randomly (stuck).
 10699 | Lair:2   | 10699 ||| Stepping randomly (stuck).
 10700 | Lair:2   | 10700 ||| Stepping randomly (stuck).
 10701 | Lair:2   | 10701 ||| Stepping randomly (stuck).
 10702 | Lair:2   | 10702 ||| Stepping randomly (stuck).
 10703 | Lair:2   | 10703 ||| Stepping randomly (stuck).
 10704 | Lair:2   | 10704 ||| Stepping randomly (stuck).
 10705 | Lair:2   | 10705 ||| Stepping randomly (stuck).
 10706 | Lair:2   | 10706 ||| Stepping randomly (stuck).
 10707 | Lair:2   | 10707 ||| Stepping randomly (stuck).
 10708 | Lair:2   | 10708 ||| Stepping randomly (stuck).
 10709 | Lair:2   | 10709 ||| Stepping randomly (stuck).
 10710 | Lair:2   | 10710 ||| Stepping randomly (stuck).
 10711 | Lair:2   | 10711 ||| Stepping randomly (stuck).
 10712 | Lair:2   | 10712 ||| Stepping randomly (stuck).
 10713 | Lair:2   | 10713 ||| Stepping randomly (stuck).
 10714 | Lair:2   | 10714 ||| Stepping randomly (stuck).
 10715 | Lair:2   | 10715 ||| Stepping randomly (stuck).
 10716 | Lair:2   | 10716 ||| Stepping randomly (stuck).
 10717 | Lair:2   | 10717 ||| Stepping randomly (stuck).
 10718 | Lair:2   | 10718 ||| Stepping randomly (stuck).
 10719 | Lair:2   | 10719 ||| Stepping randomly (stuck).
 10720 | Lair:2   | 10720 ||| Stepping randomly (stuck).
 10721 | Lair:2   | 10721 ||| Stepping randomly (stuck).
 10722 | Lair:2   | 10722 ||| Stepping randomly (stuck).
 10723 | Lair:2   | 10723 ||| Stepping randomly (stuck).
 10724 | Lair:2   | 10724 ||| Stepping randomly (stuck).
 10725 | Lair:2   | 10725 ||| Stepping randomly (stuck).
 10726 | Lair:2   | 10726 ||| Stepping randomly (stuck).
 10727 | Lair:2   | 10727 ||| Stepping randomly (stuck).
 10728 | Lair:2   | 10728 ||| Stepping randomly (stuck).
 10729 | Lair:2   | 10729 ||| Stepping randomly (stuck).
 10730 | Lair:2   | 10730 ||| Stepping randomly (stuck).
 10731 | Lair:2   | 10731 ||| Stepping randomly (stuck).
 10732 | Lair:2   | 10732 ||| Stepping randomly (stuck).
 10733 | Lair:2   | 10733 ||| Stepping randomly (stuck).
 10734 | Lair:2   | 10734 ||| Stepping randomly (stuck).
 10735 | Lair:2   | 10735 ||| Stepping randomly (stuck).
 10736 | Lair:2   | 10736 ||| Stepping randomly (stuck).
 10737 | Lair:2   | 10737 ||| Stepping randomly (stuck).
 10738 | Lair:2   | 10738 ||| Stepping randomly (stuck).
 10739 | Lair:2   | 10739 ||| Stepping randomly (stuck).
 10740 | Lair:2   | 10740 ||| Stepping randomly (stuck).
 10741 | Lair:2   | 10741 ||| Stepping randomly (stuck).
 10742 | Lair:2   | 10742 ||| Stepping randomly (stuck).
 10743 | Lair:2   | 10743 ||| Stepping randomly (stuck).
 10744 | Lair:2   | 10744 ||| Stepping randomly (stuck).
 10745 | Lair:2   | 10745 ||| Stepping randomly (stuck).
 10746 | Lair:2   | 10746 ||| Stepping randomly (stuck).
 10747 | Lair:2   | 10747 ||| Stepping randomly (stuck).
 10748 | Lair:2   | 10748 ||| Stepping randomly (stuck).
 10749 | Lair:2   | 10749 ||| Stepping randomly (stuck).
 10750 | Lair:2   | 10750 ||| Stepping randomly (stuck).
 10751 | Lair:2   | 10751 ||| Stepping randomly (stuck).
 10752 | Lair:2   | 10752 ||| Stepping randomly (stuck).
 10753 | Lair:2   | 10753 ||| Stepping randomly (stuck).
 10754 | Lair:2   | 10754 ||| Stepping randomly (stuck).
 10755 | Lair:2   | 10755 ||| Stepping randomly (stuck).
 10756 | Lair:2   | 10756 ||| Stepping randomly (stuck).
 10757 | Lair:2   | 10757 ||| Stepping randomly (stuck).
 10758 | Lair:2   | 10758 ||| Stepping randomly (stuck).
 10759 | Lair:2   | 10759 ||| Stepping randomly (stuck).
 10760 | Lair:2   | 10760 ||| Stepping randomly (stuck).
 10761 | Lair:2   | 10761 ||| Stepping randomly (stuck).
 10762 | Lair:2   | 10762 ||| Stepping randomly (stuck).
 10763 | Lair:2   | 10763 ||| Stepping randomly (stuck).
 10764 | Lair:2   | 10764 ||| Stepping randomly (stuck).
 10765 | Lair:2   | 10765 ||| Stepping randomly (stuck).
 10766 | Lair:2   | 10766 ||| Stepping randomly (stuck).
 10767 | Lair:2   | 10767 ||| Stepping randomly (stuck).
 10768 | Lair:2   | 10768 ||| Stepping randomly (stuck).
 10769 | Lair:2   | 10769 ||| Stepping randomly (stuck).
 10770 | Lair:2   | 10770 ||| Stepping randomly (stuck).
 10771 | Lair:2   | 10771 ||| Stepping randomly (stuck).
 10772 | Lair:2   | 10772 ||| Stepping randomly (stuck).
 10773 | Lair:2   | 10773 ||| Stepping randomly (stuck).
 10774 | Lair:2   | 10774 ||| Stepping randomly (stuck).
 10775 | Lair:2   | 10775 ||| Stepping randomly (stuck).
 10776 | Lair:2   | 10776 ||| Stepping randomly (stuck).
 10777 | Lair:2   | 10777 ||| Stepping randomly (stuck).
 10778 | Lair:2   | 10778 ||| Stepping randomly (stuck).
 10779 | Lair:2   | 10779 ||| Stepping randomly (stuck).
 10780 | Lair:2   | 10780 ||| Stepping randomly (stuck).
 10781 | Lair:2   | 10781 ||| Stepping randomly (stuck).
 10782 | Lair:2   | 10782 ||| Stepping randomly (stuck).
 10783 | Lair:2   | 10783 ||| Stepping randomly (stuck).
 10784 | Lair:2   | 10784 ||| Stepping randomly (stuck).
 10785 | Lair:2   | 10785 ||| Stepping randomly (stuck).
 10786 | Lair:2   | 10786 ||| Stepping randomly (stuck).
 10787 | Lair:2   | 10787 ||| Stepping randomly (stuck).
 10788 | Lair:2   | 10788 ||| Stepping randomly (stuck).
 10789 | Lair:2   | 10789 ||| Stepping randomly (stuck).
 10790 | Lair:2   | 10790 ||| Stepping randomly (stuck).
 10791 | Lair:2   | 10791 ||| Stepping randomly (stuck).
 10792 | Lair:2   | 10792 ||| Stepping randomly (stuck).
 10793 | Lair:2   | 10793 ||| Stepping randomly (stuck).
 10794 | Lair:2   | 10794 ||| Stepping randomly (stuck).
 10795 | Lair:2   | 10795 ||| Stepping randomly (stuck).
 10796 | Lair:2   | 10796 ||| Stepping randomly (stuck).
 10797 | Lair:2   | 10797 ||| Stepping randomly (stuck).
 10798 | Lair:2   | 10798 ||| Stepping randomly (stuck).
 10799 | Lair:2   | 10799 ||| Stepping randomly (stuck).
 10800 | Lair:2   | 10800 ||| Stepping randomly (stuck).
 10801 | Lair:2   | 10801 ||| Stepping randomly (stuck).
 10802 | Lair:2   | 10802 ||| Stepping randomly (stuck).
 10803 | Lair:2   | 10803 ||| Stepping randomly (stuck).
 10804 | Lair:2   | 10804 ||| Stepping randomly (stuck).
 10805 | Lair:2   | 10805 ||| Stepping randomly (stuck).
 10806 | Lair:2   | 10806 ||| Stepping randomly (stuck).
 10807 | Lair:2   | 10807 ||| Stepping randomly (stuck).
 10808 | Lair:2   | 10808 ||| Stepping randomly (stuck).
 10809 | Lair:2   | 10809 ||| Stepping randomly (stuck).
 10810 | Lair:2   | 10810 ||| Stepping randomly (stuck).
 10811 | Lair:2   | 10811 ||| Stepping randomly (stuck).
 10812 | Lair:2   | 10812 ||| Stepping randomly (stuck).
 10813 | Lair:2   | 10813 ||| Stepping randomly (stuck).
 10814 | Lair:2   | 10814 ||| Stepping randomly (stuck).
 10815 | Lair:2   | 10815 ||| Stepping randomly (stuck).
 10816 | Lair:2   | 10816 ||| Stepping randomly (stuck).
 10817 | Lair:2   | 10817 ||| Stepping randomly (stuck).
 10818 | Lair:2   | 10818 ||| Stepping randomly (stuck).
 10819 | Lair:2   | 10819 ||| Stepping randomly (stuck).
 10820 | Lair:2   | 10820 ||| Stepping randomly (stuck).
 10821 | Lair:2   | 10821 ||| Stepping randomly (stuck).
 10822 | Lair:2   | 10822 ||| Stepping randomly (stuck).
 10823 | Lair:2   | 10823 ||| Stepping randomly (stuck).
 10824 | Lair:2   | 10824 ||| Stepping randomly (stuck).
 10825 | Lair:2   | 10825 ||| Stepping randomly (stuck).
 10826 | Lair:2   | 10826 ||| Stepping randomly (stuck).
 10827 | Lair:2   | 10827 ||| Stepping randomly (stuck).
 10828 | Lair:2   | 10828 ||| Stepping randomly (stuck).
 10829 | Lair:2   | 10829 ||| Stepping randomly (stuck).
 10830 | Lair:2   | 10830 ||| Stepping randomly (stuck).
 10831 | Lair:2   | 10831 ||| Stepping randomly (stuck).
 10832 | Lair:2   | 10832 ||| Stepping randomly (stuck).
 10833 | Lair:2   | 10833 ||| Stepping randomly (stuck).
 10834 | Lair:2   | 10834 ||| Stepping randomly (stuck).
 10835 | Lair:2   | 10835 ||| Stepping randomly (stuck).
 10836 | Lair:2   | 10836 ||| Stepping randomly (stuck).
 10837 | Lair:2   | Quit the game

Levels and vault maps discovered:
D:1:      dpeg_arrival_triangle_fractal, layout_basic
D:2:      layout_basic, minmay_tetromino_t2
D:3:      minmay_razor_zed, layout_loops_corners, serial_shops,
          nicolae_shop_hallway_plus, nicolae_ecumenical_snake_handling
D:4:      layout_gridville, uniq_sigmund
D:5:      layout_basic, nicolae_overflow_hidden_temple, elyvilon_altar_4,
          portal_sewer_entry_f
D:6:      layout_rooms, nicolae_ru_sacrificial_ziggurat, general_overflow_altar,
          minmay_temple_entry_purple_smoke, minmay_misc_feat_roman
D:7:      black_bear_nest_2, layout_basic, xom_redecorated, minmay_checkerbox
D:8:      layout_cave_pools, nicolae_looking_at_the_future, uniq_erica,
          uniq_maggie
D:9:      layout_roguey, mainiacjoe_overflow_alcove_2,
          nicolae_uskayaw_dance_hall, water_boxes_lemuel
D:10:     layout_long_grid, lemuel_doored_altar,
          mainiacjoe_overflow_small_starburst, david_lair_shrubbed,
          minmay_orc_entry_guard_dogs, serial_shops, nicolae_square_shop,
          nicolae_concentric_dashed_squares_wild, uniq_psyche
Lair:1:   layout_gridlike, kennysheep_snail_temple, grunt_megastairs_2
Lair:2:   layout_chaotic_city, minmay_swamp_entry_worms

Skill      XL: |  1  2  3  4  5  6  7  8  9 10 11 12 |
---------------+-------------------------------------+-----
Unarmed Combat | 4 5 6 8 9 10 12 14 15 | 15.2
Fighting       | 3 4 5 6 |  6.0
Throwing       | 1 2 3 |  3.7
Dodging        | 1 |  1.0
Armour         | 1 2 |  2.0
Shields        | 8 10 | 10.2
Spellcasting   | |  1.0
Fire Magic     | |  2.1

Action                   |  1- 3 |  4- 6 |  7- 9 | 10-12 || total
-------------------------+-------+-------+-------+-------++-------
Melee: Unarmed           |   135 |    92 |   212 |   306 ||   745
       Punch             |     1 |     6 |     6 |    12 ||    25
Throw: Boomerang         |       |    40 |    29 |    13 ||    82
       Javelin           |       |       |    13 |    63 ||    76
Invok: Fiery Armour      |       |       |     5 |     8 ||    13
  Use: Scroll            |     7 |     3 |    10 |    12 ||    32
       Potion            |     1 |     2 |     2 |     5 ||    10
Armor: Robe              |    55 |    20 |    32 |    71 ||   178
       Steam dragon scal |       |       |    63 |    78 ||   141
Dodge: Dodged            |    87 |    32 |    94 |   105 ||   318
Block: Tower shield      |       |       |       |   100 ||   100

Table legend:
 A = Non-vault XP
 B = Vault XP
 C = Vault XP percentage of total XP
 D = Non-vault monster count
 E = Vault monster count
 F = Vault count percentage of total count
                 A         B        C        D         E       F
            +---------+---------+-------+---------+---------+-------
      Total |   19454 |    7416 |  27.6 |     215 |      57 |  21.0
            +---------+---------+-------+---------+---------+-------
        D:1 |      36 |       0 |   0.0 |      21 |       0 |   0.0
        D:2 |      53 |       3 |   5.4 |      19 |       2 |   9.5
        D:3 |      31 |      66 |  68.0 |      13 |      13 |  50.0
        D:4 |     169 |     223 |  56.9 |       9 |       1 |  10.0
        D:5 |     408 |       6 |   1.4 |      14 |       3 |  17.6
        D:6 |     734 |       0 |   0.0 |      17 |       0 |   0.0
        D:7 |     982 |     299 |  23.3 |      21 |       5 |  19.2
        D:8 |    1969 |    2188 |  52.6 |      30 |      13 |  30.2
        D:9 |    2544 |       0 |   0.0 |      16 |       0 |   0.0
       D:10 |    2332 |    1219 |  34.3 |      18 |       5 |  21.7
     Lair:1 |    4639 |    2625 |  36.1 |      22 |       7 |  24.1
     Lair:2 |    5557 |     636 |  10.3 |      15 |       4 |  21.1
      Sewer |       0 |     151 | 100.0 |       0 |       4 | 100.0
            +---------+---------+-------+---------+---------+-------
